Workbook

Sheet Ofic Autorizadas
A1: OFICINAS DEL SISTEMA FINANCIERO NACIONAL AUTORIZADAS
A3: MONEDA Y BANCA | B3: 1996 | C3: 1997 | D3: 1998 | E3: 1999 | F3: 2009
A4: BANCOS COMERCIALES | B4: =SUM(B5:B9) -> 778 | C4: =SUM(C5:C9) -> 934 | D4: =SUM(D5:D9) -> 1093 | E4: =SUM(E5:E9) -> 1113 | F4: =SUM(F5:F9) -> 7641
A5: Oficinas Principales | B5: 22 | C5: 22 | D5: 23 | E5: =+'1999'!E36 -> 22 | F5: =+REPORTE!E22 -> 15
A6: Sucursales | B6: 70 | C6: 73 | D6: 76 | E6: =+'1999'!F36 -> 74 | F6: =+REPORTE!F22 -> 38
A7: Agencias | B7: 416 | C7: 442 | D7: 514 | E7: =+'1999'!G36 -> 561 | F7: =+REPORTE!G22 -> 812
A8: Ventanillas de Servicio | B8: 187 | C8: 271 | D8: 314 | E8: =+'1999'!H36 -> 327 | F8: =+REPORTE!H22 -> 325
A9: Otras Oficinas | B9: 83 | C9: 126 | D9: 166 | E9: =+'1999'!I36 -> 129 | F9: =+REPORTE!I22 -> 6451
A10: BANCOS ESTATALES | B10: =SUM(B11:B15) -> 61 | C10: =SUM(C11:C15) -> 66 | D10: =SUM(D11:D15) -> 66 | E10: =SUM(E11:E15) -> 43 | F10: =SUM(F11:F15) -> 46
A11: Oficinas Principales | B11: 3 | C11: 3 | D11: 3 | E11: =+'1999'!E43 -> 3 | F11: =+REPORTE!E27 -> 3
A12: Sucursales | B12: 5 | C12: 5 | D12: 5 | E12: =+'1999'!F43 -> 4 | F12: =+REPORTE!F27 -> 3
A13: Agencias | B13: 25 | C13: 25 | D13: 25 | E13: =+'1999'!G43 -> 26 | F13: =+REPORTE!G27 -> 33
A14: Ventanillas de Servicio | B14: 20 | C14: 26 | D14: 26 | E14: =+'1999'!H43 -> 10 | F14: =+REPORTE!H27 -> 7
A15: Otras Oficinas | B15: 8 | C15: 7 | D15: 7 | E15: =+'1999'!I43 -> 0 | F15: =+REPORTE!I27 -> 0
A16: ASOC. DE AHORRO Y PRESTAMO | B16: =SUM(B17:B21) -> 85 | C16: =SUM(C17:C21) -> 94 | D16: =SUM(D17:D21) -> 170 | E16: =SUM(E17:E21) -> 167 | F16: =SUM(F17:F21) -> #REF!
A17: Oficinas Principales | B17: 4 | C17: 4 | D17: 4 | E17: =+'1999'!E51 -> 4 | F17: =+REPORTE!#REF! -> #REF!
A18: Sucursales | B18: 6 | C18: 6 | D18: 6 | E18: =+'1999'!F51 -> 9 | F18: =+REPORTE!#REF! -> #REF!
A19: Agencias | B19: 25 | C19: 26 | D19: 36 | E19: =+'1999'!G51 -> 38 | F19: =+REPORTE!#REF! -> #REF!
A20: Ventanillas de Servicio | B20: 47 | C20: 54 | D20: 92 | E20: =+'1999'!H51 -> 95 | F20: =+REPORTE!#REF! -> #REF!
A21: Otras Oficinas | B21: 3 | C21: 4 | D21: 32 | E21: =+'1999'!I51 -> 21 | F21: =+REPORTE!#REF! -> #REF!
A22: BANCA DE SEGUNDO PISO | B22: =SUM(B23:B27) -> 2 | C22: =SUM(C23:C27) -> 3 | D22: =SUM(D23:D27) -> 3 | E22: =SUM(E23:E27) -> 3 | F22: =SUM(F23:F27) -> #REF!
A23: Oficinas Principales | B23: 1 | C23: 2 | D23: 2 | E23: =+'1999'!E57 -> 2 | F23: =+REPORTE!#REF! -> #REF!
A24: Sucursales | B24: 0 | C24: 0 | D24: 0 | E24: =+'1999'!F57 -> 0 | F24: =+REPORTE!#REF! -> #REF!
A25: Agencias | B25: 1 | C25: 1 | D25: 1 | E25: =+'1999'!G57 -> 1 | F25: =+REPORTE!#REF! -> #REF!
A26: Ventanillas de Servicio | B26: 0 | C26: 0 | D26: 0 | E26: =+'1999'!H57 -> 0 | F26: =+REPORTE!#REF! -> #REF!
A27: Otras Oficinas | B27: 0 | C27: 0 | D27: 0 | E27: =+'1999'!I57 -> 0 | F27: =+REPORTE!#REF! -> #REF!
A28: COMPAÑIAS DE SEGUROS | B28: =SUM(B29:B33) -> 50 | C28: =SUM(C29:C33) -> 55 | D28: =SUM(D29:D33) -> 61 | E28: =SUM(E29:E33) -> 60 | F28: =SUM(F29:F33) -> 39
A29: Oficinas Principales | B29: 11 | C29: 11 | D29: 11 | E29: =+'1999'!E72 -> 11 | F29: =+REPORTE!E57 -> 13
A30: Sucursales | B30: 11 | C30: 12 | D30: 15 | E30: =+'1999'!F72 -> 24 | F30: =+REPORTE!F57 -> 9
A31: Agencias | B31: 18 | C31: 21 | D31: 24 | E31: =+'1999'!G72 -> 19 | F31: =+REPORTE!G57 -> 16
A32: Ventanillas de Servicio | B32: 9 | C32: 10 | D32: 10 | E32: =+'1999'!H72 -> 5 | F32: =+REPORTE!H57 -> 0
A33: Otras Oficinas | B33: 1 | C33: 1 | D33: 1 | E33: =+'1999'!I72 -> 1 | F33: =+REPORTE!I57 -> 1
A35: OFICINAS DEL SISTEMA FINANCIERO NACIONAL AUTORIZADAS
A37: MONEDA Y BANCA | B37: 1996 | C37: 1997 | D37: 1998 | E37: 1999 | F37: 2009 *
A38: FONDOS DE PENSIONES | B38: =SUM(B39:B43) -> 2 | C38: =SUM(C39:C43) -> 3 | D38: =SUM(D39:D43) -> 5 | E38: =SUM(E39:E43) -> 6 | F38: =SUM(F39:F43) -> 43
A39: Oficinas Principales | B39: 2 | C39: 2 | D39: 2 | E39: =+'1999'!E89 -> 2 | F39: =+REPORTE!E80 -> 5
A40: Sucursales | B40: 0 | C40: 1 | D40: 1 | E40: =+'1999'!F89 -> 3 | F40: =+REPORTE!F80 -> 1
A41: Agencias | B41: 0 | C41: 0 | D41: 0 | E41: =+'1999'!G89 -> 1 | F41: =+REPORTE!G80 -> 35
A42: Ventanillas de Servicio | B42: 0 | C42: 0 | D42: 0 | E42: =+'1999'!H89 -> 0 | F42: =+REPORTE!H80 -> 0
A43: Otras Oficinas | B43: 0 | C43: 0 | D43: 2 | E43: =+'1999'!I89 -> 0 | F43: =+REPORTE!I80 -> 2
A44: BOLSAS DE VALORES | B44: =SUM(B45:B49) -> 38 | C44: =SUM(C45:C49) -> 40 | D44: =SUM(D45:D49) -> 41 | E44: =SUM(E45:E49) -> 43 | F44: =SUM(F45:F49) -> 1
A45: Oficinas Principales | B45: 2 | C45: 2 | D45: 2 | E45: =+'1999'!E95 -> 2 | F45: =+REPORTE!E83 -> 1
A46: Sucursales | B46: 4 | C46: 4 | D46: 5 | E46: =+'1999'!F95 -> 2 | F46: =+REPORTE!F83 -> 0
A47: Agencias | B47: 0 | C47: 0 | D47: 0 | E47: =+'1999'!G95 -> 0 | F47: =+REPORTE!G83 -> 0
A48: Ventanillas de Servicio | B48: 0 | C48: 0 | D48: 0 | E48: =+'1999'!H95 -> 0 | F48: =+REPORTE!H83 -> 0
A49: Otras Oficinas | B49: 32 | C49: 34 | D49: 34 | E49: =+'1999'!I95 -> 39 | F49: =+REPORTE!I83 -> 0
A50: ALMACENES GRALES. DE DEPOSITO | B50: =SUM(B51:B55) -> 38 | C50: =SUM(C51:C55) -> 40 | D50: =SUM(D51:D55) -> 46 | E50: =SUM(E51:E55) -> 42 | F50: =SUM(F51:F55) -> 13
A51: Oficinas Principales | B51: 6 | C51: 6 | D51: 6 | E51: =+'1999'!E105 -> 6 | F51: =+REPORTE!E98 -> 4
A52: Sucursales | B52: 10 | C52: 10 | D52: 10 | E52: =+'1999'!F105 -> 10 | F52: =+REPORTE!F98 -> 5
A53: Agencias | B53: 1 | C53: 1 | D53: 2 | E53: =+'1999'!G105 -> 0 | F53: =+REPORTE!G98 -> 0
A54: Ventanillas de Servicio | B54: 0 | C54: 0 | D54: 0 | E54: =+'1999'!H105 -> 0 | F54: =+REPORTE!H98 -> 0
A55: Otras Oficinas | B55: 21 | C55: 23 | D55: 28 | E55: =+'1999'!I105 -> 26 | F55: =+REPORTE!I98 -> 4
A56: CASAS DE CAMBIO | B56: =SUM(B57:B61) -> 35 | C56: =SUM(C57:C61) -> 37 | D56: =SUM(D57:D61) -> 35 | E56: =SUM(E57:E61) -> 37 | F56: =SUM(F57:F61) -> 51
A57: Oficinas Principales | B57: 13 | C57: 13 | D57: 13 | E57: =+'1999'!E122 -> 13 | F57: =+REPORTE!E103 -> 3
A58: Sucursales | B58: 4 | C58: 5 | D58: 5 | E58: =+'1999'!F122 -> 11 | F58: =+REPORTE!F103 -> 0
A59: Agencias | B59: 7 | C59: 8 | D59: 7 | E59: =+'1999'!G122 -> 4 | F59: =+REPORTE!G103 -> 1
A60: Ventanillas de Servicio | B60: 9 | C60: 9 | D60: 8 | E60: =+'1999'!H122 -> 9 | F60: =+REPORTE!H103 -> 47
A61: Otras Oficinas | B61: 2 | C61: 2 | D61: 2 | E61: =+'1999'!I122 -> 0 | F61: =+REPORTE!I103 -> 0
A62: SOCIEDADES FINANCIERAS | B62: =SUM(B63:B67) -> 9 | C62: =SUM(C63:C67) -> 12 | D62: =SUM(D63:D67) -> 13 | E62: =SUM(E63:E67) -> 53 | F62: =SUM(F63:F67) -> 139
A63: Oficinas Principales | B63: 4 | C63: 7 | D63: 7 | E63: =+'1999'!E139 -> 13 | F63: =+REPORTE!E39 -> 10
A64: Sucursales | B64: 4 | C64: 4 | D64: 4 | E64: =+'1999'!F139 -> 16 | F64: =+REPORTE!F39 -> 9
A65: Agencias | B65: 0 | C65: 0 | D65: 0 | E65: =+'1999'!G139 -> 18 | F65: =+REPORTE!G39 -> 97
A66: Ventanillas de Servicio | B66: 0 | C66: 0 | D66: 0 | E66: =+'1999'!H139 -> 4 | F66: =+REPORTE!H39 -> 5
A67: Otras Oficinas | B67: 1 | C67: 1 | D67: 2 | E67: =+'1999'!I139 -> 2 | F67: =+REPORTE!I39 -> 18
A69: GRAN TOTAL DE OFICINAS | B69: =SUM(B4+B10+B16+B22+B28+B38+B44+B50+B56+B62) -> 1098 | C69: =SUM(C4+C10+C16+C22+C28+C38+C44+C50+C56+C62) -> 1284 | D69: =SUM(D4+D10+D16+D22+D28+D38+D44+D50+D56+D62) -> 1533 | E69: =SUM(E4+E10+E16+E22+E28+E38+E44+E50+E56+E62) -> 1567 | F69: =SUM(F4+F10+F16+F22+F28+F38+F44+F50+F56+F62) -> #REF!

Sheet CONSOLIDADO
A1: SISTEMA FINANCIERO NACIONAL
A2: NUMERO DE OFICINAS POR DEPARTAMENTO
A3: =REPORTE!A3 -> Al 30 de Junio de 2020
B5: Número de | C5: Número | D5: Número | E5: Ventanillas | F5: Otras | G5: Número | H5: Número de
B6: Oficinas | C6: de | D6: de | E6: de | F6: Oficinas | G6: Total de | H6: Funcionarios
A7: Departamentos | B7: Principales | C7: Sucursales 1/ | D7: Agencias | E7: Servicio | F7: 2/ | G7: Oficinas | H7: y Empleados
A9: Francisco Morazán | B9: =+INDIVIDUAL!B9+INDIVIDUAL!B40+INDIVIDUAL!B71+INDIVIDUAL!B102+INDIVIDUAL!B133+INDIVIDUAL!B288+INDIVIDUAL!B164+INDIVIDUAL!B195+INDIVIDUAL!B226+INDIVIDUAL!B257+INDIVIDUAL!B319+INDIVIDUAL!B350+INDIVIDUAL!B381+INDIVIDUAL!B412+INDIVIDUAL!B444+INDIVIDUAL!B476 -> 56 | C9: =+INDIVIDUAL!C9+INDIVIDUAL!C40+INDIVIDUAL!C71+INDIVIDUAL!C102+INDIVIDUAL!C133+INDIVIDUAL!C288+INDIVIDUAL!C164+INDIVIDUAL!C195+INDIVIDUAL!C226+INDIVIDUAL!C257+INDIVIDUAL!C319+INDIVIDUAL!C350+INDIVIDUAL!C381+INDIVIDUAL!C412+INDIVIDUAL!C444+INDIVIDUAL!C476 -> #REF! | D9: =+INDIVIDUAL!D9+INDIVIDUAL!D40+INDIVIDUAL!D71+INDIVIDUAL!D102+INDIVIDUAL!D133+INDIVIDUAL!D288+INDIVIDUAL!D164+INDIVIDUAL!D195+INDIVIDUAL!D226+INDIVIDUAL!D257+INDIVIDUAL!D319+INDIVIDUAL!D350+INDIVIDUAL!D381+INDIVIDUAL!D412+INDIVIDUAL!D444+INDIVIDUAL!D476 -> #REF! | E9: =+INDIVIDUAL!E9+INDIVIDUAL!E40+INDIVIDUAL!E71+INDIVIDUAL!E102+INDIVIDUAL!E133+INDIVIDUAL!E288+INDIVIDUAL!E164+INDIVIDUAL!E195+INDIVIDUAL!E226+INDIVIDUAL!E257+INDIVIDUAL!E319+INDIVIDUAL!E350+INDIVIDUAL!E381+INDIVIDUAL!E412+INDIVIDUAL!E444+INDIVIDUAL!E476 -> #REF! | F9: =+INDIVIDUAL!F9+INDIVIDUAL!F40+INDIVIDUAL!F71+INDIVIDUAL!F102+INDIVIDUAL!F133+INDIVIDUAL!F288+INDIVIDUAL!F164+INDIVIDUAL!F195+INDIVIDUAL!F226+INDIVIDUAL!F257+INDIVIDUAL!F319+INDIVIDUAL!F350+INDIVIDUAL!F381+INDIVIDUAL!F412+INDIVIDUAL!F444+INDIVIDUAL!F476 -> #REF! | G9: =SUM(B9:F9) -> #REF! | H9: =+INDIVIDUAL!H9+INDIVIDUAL!H40+INDIVIDUAL!H71+INDIVIDUAL!H102+INDIVIDUAL!H133+INDIVIDUAL!H288+INDIVIDUAL!H164+INDIVIDUAL!H195+INDIVIDUAL!H226+INDIVIDUAL!H257+INDIVIDUAL!H319+INDIVIDUAL!H350+INDIVIDUAL!H381+INDIVIDUAL!H412+INDIVIDUAL!H444+INDIVIDUAL!H476 -> #REF!
A10: Cortés | B10: =+INDIVIDUAL!B10+INDIVIDUAL!B41+INDIVIDUAL!B72+INDIVIDUAL!B103+INDIVIDUAL!B134+INDIVIDUAL!B289+INDIVIDUAL!B165+INDIVIDUAL!B196+INDIVIDUAL!B227+INDIVIDUAL!B258+INDIVIDUAL!B320+INDIVIDUAL!B351+INDIVIDUAL!B382+INDIVIDUAL!B413+INDIVIDUAL!B445+INDIVIDUAL!B477 -> 17 | C10: =+INDIVIDUAL!C10+INDIVIDUAL!C41+INDIVIDUAL!C72+INDIVIDUAL!C103+INDIVIDUAL!C134+INDIVIDUAL!C289+INDIVIDUAL!C165+INDIVIDUAL!C196+INDIVIDUAL!C227+INDIVIDUAL!C258+INDIVIDUAL!C320+INDIVIDUAL!C351+INDIVIDUAL!C382+INDIVIDUAL!C413+INDIVIDUAL!C445+INDIVIDUAL!C477 -> #REF! | D10: =+INDIVIDUAL!D10+INDIVIDUAL!D41+INDIVIDUAL!D72+INDIVIDUAL!D103+INDIVIDUAL!D134+INDIVIDUAL!D289+INDIVIDUAL!D165+INDIVIDUAL!D196+INDIVIDUAL!D227+INDIVIDUAL!D258+INDIVIDUAL!D320+INDIVIDUAL!D351+INDIVIDUAL!D382+INDIVIDUAL!D413+INDIVIDUAL!D445+INDIVIDUAL!D477 -> #REF! | E10: =+INDIVIDUAL!E10+INDIVIDUAL!E41+INDIVIDUAL!E72+INDIVIDUAL!E103+INDIVIDUAL!E134+INDIVIDUAL!E289+INDIVIDUAL!E165+INDIVIDUAL!E196+INDIVIDUAL!E227+INDIVIDUAL!E258+INDIVIDUAL!E320+INDIVIDUAL!E351+INDIVIDUAL!E382+INDIVIDUAL!E413+INDIVIDUAL!E445+INDIVIDUAL!E477 -> #REF! | F10: =+INDIVIDUAL!F10+INDIVIDUAL!F41+INDIVIDUAL!F72+INDIVIDUAL!F103+INDIVIDUAL!F134+INDIVIDUAL!F289+INDIVIDUAL!F165+INDIVIDUAL!F196+INDIVIDUAL!F227+INDIVIDUAL!F258+INDIVIDUAL!F320+INDIVIDUAL!F351+INDIVIDUAL!F382+INDIVIDUAL!F413+INDIVIDUAL!F445+INDIVIDUAL!F477 -> #REF! | G10: =SUM(B10:F10) -> #REF! | H10: =+INDIVIDUAL!H10+INDIVIDUAL!H41+INDIVIDUAL!H72+INDIVIDUAL!H103+INDIVIDUAL!H134+INDIVIDUAL!H289+INDIVIDUAL!H165+INDIVIDUAL!H196+INDIVIDUAL!H227+INDIVIDUAL!H258+INDIVIDUAL!H320+INDIVIDUAL!H351+INDIVIDUAL!H382+INDIVIDUAL!H413+INDIVIDUAL!H445+INDIVIDUAL!H477 -> #REF!
A11: Atlántida | B11: =+INDIVIDUAL!B11+INDIVIDUAL!B42+INDIVIDUAL!B73+INDIVIDUAL!B104+INDIVIDUAL!B135+INDIVIDUAL!B290+INDIVIDUAL!B166+INDIVIDUAL!B197+INDIVIDUAL!B228+INDIVIDUAL!B259+INDIVIDUAL!B321+INDIVIDUAL!B352+INDIVIDUAL!B383+INDIVIDUAL!B414+INDIVIDUAL!B446+INDIVIDUAL!B478 -> 2 | C11: =+INDIVIDUAL!C11+INDIVIDUAL!C42+INDIVIDUAL!C73+INDIVIDUAL!C104+INDIVIDUAL!C135+INDIVIDUAL!C290+INDIVIDUAL!C166+INDIVIDUAL!C197+INDIVIDUAL!C228+INDIVIDUAL!C259+INDIVIDUAL!C321+INDIVIDUAL!C352+INDIVIDUAL!C383+INDIVIDUAL!C414+INDIVIDUAL!C446+INDIVIDUAL!C478 -> #REF! | D11: =+INDIVIDUAL!D11+INDIVIDUAL!D42+INDIVIDUAL!D73+INDIVIDUAL!D104+INDIVIDUAL!D135+INDIVIDUAL!D290+INDIVIDUAL!D166+INDIVIDUAL!D197+INDIVIDUAL!D228+INDIVIDUAL!D259+INDIVIDUAL!D321+INDIVIDUAL!D352+INDIVIDUAL!D383+INDIVIDUAL!D414+INDIVIDUAL!D446+INDIVIDUAL!D478 -> #REF! | E11: =+INDIVIDUAL!E11+INDIVIDUAL!E42+INDIVIDUAL!E73+INDIVIDUAL!E104+INDIVIDUAL!E135+INDIVIDUAL!E290+INDIVIDUAL!E166+INDIVIDUAL!E197+INDIVIDUAL!E228+INDIVIDUAL!E259+INDIVIDUAL!E321+INDIVIDUAL!E352+INDIVIDUAL!E383+INDIVIDUAL!E414+INDIVIDUAL!E446+INDIVIDUAL!E478 -> #REF! | F11: =+INDIVIDUAL!F11+INDIVIDUAL!F42+INDIVIDUAL!F73+INDIVIDUAL!F104+INDIVIDUAL!F135+INDIVIDUAL!F290+INDIVIDUAL!F166+INDIVIDUAL!F197+INDIVIDUAL!F228+INDIVIDUAL!F259+INDIVIDUAL!F321+INDIVIDUAL!F352+INDIVIDUAL!F383+INDIVIDUAL!F414+INDIVIDUAL!F446+INDIVIDUAL!F478 -> #REF! | G11: =SUM(B11:F11) -> #REF! | H11: =+INDIVIDUAL!H11+INDIVIDUAL!H42+INDIVIDUAL!H73+INDIVIDUAL!H104+INDIVIDUAL!H135+INDIVIDUAL!H290+INDIVIDUAL!H166+INDIVIDUAL!H197+INDIVIDUAL!H228+INDIVIDUAL!H259+INDIVIDUAL!H321+INDIVIDUAL!H352+INDIVIDUAL!H383+INDIVIDUAL!H414+INDIVIDUAL!H446+INDIVIDUAL!H478 -> #REF!
A12: Choluteca | B12: =+INDIVIDUAL!B12+INDIVIDUAL!B43+INDIVIDUAL!B74+INDIVIDUAL!B105+INDIVIDUAL!B136+INDIVIDUAL!B291+INDIVIDUAL!B167+INDIVIDUAL!B198+INDIVIDUAL!B229+INDIVIDUAL!B260+INDIVIDUAL!B322+INDIVIDUAL!B353+INDIVIDUAL!B384+INDIVIDUAL!B415+INDIVIDUAL!B447+INDIVIDUAL!B479 -> 0 | C12: =+INDIVIDUAL!C12+INDIVIDUAL!C43+INDIVIDUAL!C74+INDIVIDUAL!C105+INDIVIDUAL!C136+INDIVIDUAL!C291+INDIVIDUAL!C167+INDIVIDUAL!C198+INDIVIDUAL!C229+INDIVIDUAL!C260+INDIVIDUAL!C322+INDIVIDUAL!C353+INDIVIDUAL!C384+INDIVIDUAL!C415+INDIVIDUAL!C447+INDIVIDUAL!C479 -> #REF! | D12: =+INDIVIDUAL!D12+INDIVIDUAL!D43+INDIVIDUAL!D74+INDIVIDUAL!D105+INDIVIDUAL!D136+INDIVIDUAL!D291+INDIVIDUAL!D167+INDIVIDUAL!D198+INDIVIDUAL!D229+INDIVIDUAL!D260+INDIVIDUAL!D322+INDIVIDUAL!D353+INDIVIDUAL!D384+INDIVIDUAL!D415+INDIVIDUAL!D447+INDIVIDUAL!D479 -> #REF! | E12: =+INDIVIDUAL!E12+INDIVIDUAL!E43+INDIVIDUAL!E74+INDIVIDUAL!E105+INDIVIDUAL!E136+INDIVIDUAL!E291+INDIVIDUAL!E167+INDIVIDUAL!E198+INDIVIDUAL!E229+INDIVIDUAL!E260+INDIVIDUAL!E322+INDIVIDUAL!E353+INDIVIDUAL!E384+INDIVIDUAL!E415+INDIVIDUAL!E447+INDIVIDUAL!E479 -> #REF! | F12: =+INDIVIDUAL!F12+INDIVIDUAL!F43+INDIVIDUAL!F74+INDIVIDUAL!F105+INDIVIDUAL!F136+INDIVIDUAL!F291+INDIVIDUAL!F167+INDIVIDUAL!F198+INDIVIDUAL!F229+INDIVIDUAL!F260+INDIVIDUAL!F322+INDIVIDUAL!F353+INDIVIDUAL!F384+INDIVIDUAL!F415+INDIVIDUAL!F447+INDIVIDUAL!F479 -> #REF! | G12: =SUM(B12:F12) -> #REF! | H12: =+INDIVIDUAL!H12+INDIVIDUAL!H43+INDIVIDUAL!H74+INDIVIDUAL!H105+INDIVIDUAL!H136+INDIVIDUAL!H291+INDIVIDUAL!H167+INDIVIDUAL!H198+INDIVIDUAL!H229+INDIVIDUAL!H260+INDIVIDUAL!H322+INDIVIDUAL!H353+INDIVIDUAL!H384+INDIVIDUAL!H415+INDIVIDUAL!H447+INDIVIDUAL!H479 -> #REF!
A13: Copán | B13: =+INDIVIDUAL!B13+INDIVIDUAL!B44+INDIVIDUAL!B75+INDIVIDUAL!B106+INDIVIDUAL!B137+INDIVIDUAL!B292+INDIVIDUAL!B168+INDIVIDUAL!B199+INDIVIDUAL!B230+INDIVIDUAL!B261+INDIVIDUAL!B323+INDIVIDUAL!B354+INDIVIDUAL!B385+INDIVIDUAL!B416+INDIVIDUAL!B448+INDIVIDUAL!B480 -> 2 | C13: =+INDIVIDUAL!C13+INDIVIDUAL!C44+INDIVIDUAL!C75+INDIVIDUAL!C106+INDIVIDUAL!C137+INDIVIDUAL!C292+INDIVIDUAL!C168+INDIVIDUAL!C199+INDIVIDUAL!C230+INDIVIDUAL!C261+INDIVIDUAL!C323+INDIVIDUAL!C354+INDIVIDUAL!C385+INDIVIDUAL!C416+INDIVIDUAL!C448+INDIVIDUAL!C480 -> #REF! | D13: =+INDIVIDUAL!D13+INDIVIDUAL!D44+INDIVIDUAL!D75+INDIVIDUAL!D106+INDIVIDUAL!D137+INDIVIDUAL!D292+INDIVIDUAL!D168+INDIVIDUAL!D199+INDIVIDUAL!D230+INDIVIDUAL!D261+INDIVIDUAL!D323+INDIVIDUAL!D354+INDIVIDUAL!D385+INDIVIDUAL!D416+INDIVIDUAL!D448+INDIVIDUAL!D480 -> #REF! | E13: =+INDIVIDUAL!E13+INDIVIDUAL!E44+INDIVIDUAL!E75+INDIVIDUAL!E106+INDIVIDUAL!E137+INDIVIDUAL!E292+INDIVIDUAL!E168+INDIVIDUAL!E199+INDIVIDUAL!E230+INDIVIDUAL!E261+INDIVIDUAL!E323+INDIVIDUAL!E354+INDIVIDUAL!E385+INDIVIDUAL!E416+INDIVIDUAL!E448+INDIVIDUAL!E480 -> #REF! | F13: =+INDIVIDUAL!F13+INDIVIDUAL!F44+INDIVIDUAL!F75+INDIVIDUAL!F106+INDIVIDUAL!F137+INDIVIDUAL!F292+INDIVIDUAL!F168+INDIVIDUAL!F199+INDIVIDUAL!F230+INDIVIDUAL!F261+INDIVIDUAL!F323+INDIVIDUAL!F354+INDIVIDUAL!F385+INDIVIDUAL!F416+INDIVIDUAL!F448+INDIVIDUAL!F480 -> #REF! | G13: =SUM(B13:F13) -> #REF! | H13: =+INDIVIDUAL!H13+INDIVIDUAL!H44+INDIVIDUAL!H75+INDIVIDUAL!H106+INDIVIDUAL!H137+INDIVIDUAL!H292+INDIVIDUAL!H168+INDIVIDUAL!H199+INDIVIDUAL!H230+INDIVIDUAL!H261+INDIVIDUAL!H323+INDIVIDUAL!H354+INDIVIDUAL!H385+INDIVIDUAL!H416+INDIVIDUAL!H448+INDIVIDUAL!H480 -> #REF!
A14: Olancho | B14: =+INDIVIDUAL!B14+INDIVIDUAL!B45+INDIVIDUAL!B76+INDIVIDUAL!B107+INDIVIDUAL!B138+INDIVIDUAL!B293+INDIVIDUAL!B169+INDIVIDUAL!B200+INDIVIDUAL!B231+INDIVIDUAL!B262+INDIVIDUAL!B324+INDIVIDUAL!B355+INDIVIDUAL!B386+INDIVIDUAL!B417+INDIVIDUAL!B449+INDIVIDUAL!B481 -> 1 | C14: =+INDIVIDUAL!C14+INDIVIDUAL!C45+INDIVIDUAL!C76+INDIVIDUAL!C107+INDIVIDUAL!C138+INDIVIDUAL!C293+INDIVIDUAL!C169+INDIVIDUAL!C200+INDIVIDUAL!C231+INDIVIDUAL!C262+INDIVIDUAL!C324+INDIVIDUAL!C355+INDIVIDUAL!C386+INDIVIDUAL!C417+INDIVIDUAL!C449+INDIVIDUAL!C481 -> #REF! | D14: =+INDIVIDUAL!D14+INDIVIDUAL!D45+INDIVIDUAL!D76+INDIVIDUAL!D107+INDIVIDUAL!D138+INDIVIDUAL!D293+INDIVIDUAL!D169+INDIVIDUAL!D200+INDIVIDUAL!D231+INDIVIDUAL!D262+INDIVIDUAL!D324+INDIVIDUAL!D355+INDIVIDUAL!D386+INDIVIDUAL!D417+INDIVIDUAL!D449+INDIVIDUAL!D481 -> #REF! | E14: =+INDIVIDUAL!E14+INDIVIDUAL!E45+INDIVIDUAL!E76+INDIVIDUAL!E107+INDIVIDUAL!E138+INDIVIDUAL!E293+INDIVIDUAL!E169+INDIVIDUAL!E200+INDIVIDUAL!E231+INDIVIDUAL!E262+INDIVIDUAL!E324+INDIVIDUAL!E355+INDIVIDUAL!E386+INDIVIDUAL!E417+INDIVIDUAL!E449+INDIVIDUAL!E481 -> #REF! | F14: =+INDIVIDUAL!F14+INDIVIDUAL!F45+INDIVIDUAL!F76+INDIVIDUAL!F107+INDIVIDUAL!F138+INDIVIDUAL!F293+INDIVIDUAL!F169+INDIVIDUAL!F200+INDIVIDUAL!F231+INDIVIDUAL!F262+INDIVIDUAL!F324+INDIVIDUAL!F355+INDIVIDUAL!F386+INDIVIDUAL!F417+INDIVIDUAL!F449+INDIVIDUAL!F481 -> #REF! | G14: =SUM(B14:F14) -> #REF! | H14: =+INDIVIDUAL!H14+INDIVIDUAL!H45+INDIVIDUAL!H76+INDIVIDUAL!H107+INDIVIDUAL!H138+INDIVIDUAL!H293+INDIVIDUAL!H169+INDIVIDUAL!H200+INDIVIDUAL!H231+INDIVIDUAL!H262+INDIVIDUAL!H324+INDIVIDUAL!H355+INDIVIDUAL!H386+INDIVIDUAL!H417+INDIVIDUAL!H449+INDIVIDUAL!H481 -> #REF!
A15: El Paraíso | B15: =+INDIVIDUAL!B15+INDIVIDUAL!B46+INDIVIDUAL!B77+INDIVIDUAL!B108+INDIVIDUAL!B139+INDIVIDUAL!B294+INDIVIDUAL!B170+INDIVIDUAL!B201+INDIVIDUAL!B232+INDIVIDUAL!B263+INDIVIDUAL!B325+INDIVIDUAL!B356+INDIVIDUAL!B387+INDIVIDUAL!B418+INDIVIDUAL!B450+INDIVIDUAL!B482 -> 2 | C15: =+INDIVIDUAL!C15+INDIVIDUAL!C46+INDIVIDUAL!C77+INDIVIDUAL!C108+INDIVIDUAL!C139+INDIVIDUAL!C294+INDIVIDUAL!C170+INDIVIDUAL!C201+INDIVIDUAL!C232+INDIVIDUAL!C263+INDIVIDUAL!C325+INDIVIDUAL!C356+INDIVIDUAL!C387+INDIVIDUAL!C418+INDIVIDUAL!C450+INDIVIDUAL!C482 -> #REF! | D15: =+INDIVIDUAL!D15+INDIVIDUAL!D46+INDIVIDUAL!D77+INDIVIDUAL!D108+INDIVIDUAL!D139+INDIVIDUAL!D294+INDIVIDUAL!D170+INDIVIDUAL!D201+INDIVIDUAL!D232+INDIVIDUAL!D263+INDIVIDUAL!D325+INDIVIDUAL!D356+INDIVIDUAL!D387+INDIVIDUAL!D418+INDIVIDUAL!D450+INDIVIDUAL!D482 -> #REF! | E15: =+INDIVIDUAL!E15+INDIVIDUAL!E46+INDIVIDUAL!E77+INDIVIDUAL!E108+INDIVIDUAL!E139+INDIVIDUAL!E294+INDIVIDUAL!E170+INDIVIDUAL!E201+INDIVIDUAL!E232+INDIVIDUAL!E263+INDIVIDUAL!E325+INDIVIDUAL!E356+INDIVIDUAL!E387+INDIVIDUAL!E418+INDIVIDUAL!E450+INDIVIDUAL!E482 -> #REF! | F15: =+INDIVIDUAL!F15+INDIVIDUAL!F46+INDIVIDUAL!F77+INDIVIDUAL!F108+INDIVIDUAL!F139+INDIVIDUAL!F294+INDIVIDUAL!F170+INDIVIDUAL!F201+INDIVIDUAL!F232+INDIVIDUAL!F263+INDIVIDUAL!F325+INDIVIDUAL!F356+INDIVIDUAL!F387+INDIVIDUAL!F418+INDIVIDUAL!F450+INDIVIDUAL!F482 -> #REF! | G15: =SUM(B15:F15) -> #REF! | H15: =+INDIVIDUAL!H15+INDIVIDUAL!H46+INDIVIDUAL!H77+INDIVIDUAL!H108+INDIVIDUAL!H139+INDIVIDUAL!H294+INDIVIDUAL!H170+INDIVIDUAL!H201+INDIVIDUAL!H232+INDIVIDUAL!H263+INDIVIDUAL!H325+INDIVIDUAL!H356+INDIVIDUAL!H387+INDIVIDUAL!H418+INDIVIDUAL!H450+INDIVIDUAL!H482 -> #REF!
A16: Santa Bárbara | B16: =+INDIVIDUAL!B16+INDIVIDUAL!B47+INDIVIDUAL!B78+INDIVIDUAL!B109+INDIVIDUAL!B140+INDIVIDUAL!B295+INDIVIDUAL!B171+INDIVIDUAL!B202+INDIVIDUAL!B233+INDIVIDUAL!B264+INDIVIDUAL!B326+INDIVIDUAL!B357+INDIVIDUAL!B388+INDIVIDUAL!B419+INDIVIDUAL!B451+INDIVIDUAL!B483 -> 0 | C16: =+INDIVIDUAL!C16+INDIVIDUAL!C47+INDIVIDUAL!C78+INDIVIDUAL!C109+INDIVIDUAL!C140+INDIVIDUAL!C295+INDIVIDUAL!C171+INDIVIDUAL!C202+INDIVIDUAL!C233+INDIVIDUAL!C264+INDIVIDUAL!C326+INDIVIDUAL!C357+INDIVIDUAL!C388+INDIVIDUAL!C419+INDIVIDUAL!C451+INDIVIDUAL!C483 -> #REF! | D16: =+INDIVIDUAL!D16+INDIVIDUAL!D47+INDIVIDUAL!D78+INDIVIDUAL!D109+INDIVIDUAL!D140+INDIVIDUAL!D295+INDIVIDUAL!D171+INDIVIDUAL!D202+INDIVIDUAL!D233+INDIVIDUAL!D264+INDIVIDUAL!D326+INDIVIDUAL!D357+INDIVIDUAL!D388+INDIVIDUAL!D419+INDIVIDUAL!D451+INDIVIDUAL!D483 -> #REF! | E16: =+INDIVIDUAL!E16+INDIVIDUAL!E47+INDIVIDUAL!E78+INDIVIDUAL!E109+INDIVIDUAL!E140+INDIVIDUAL!E295+INDIVIDUAL!E171+INDIVIDUAL!E202+INDIVIDUAL!E233+INDIVIDUAL!E264+INDIVIDUAL!E326+INDIVIDUAL!E357+INDIVIDUAL!E388+INDIVIDUAL!E419+INDIVIDUAL!E451+INDIVIDUAL!E483 -> #REF! | F16: =+INDIVIDUAL!F16+INDIVIDUAL!F47+INDIVIDUAL!F78+INDIVIDUAL!F109+INDIVIDUAL!F140+INDIVIDUAL!F295+INDIVIDUAL!F171+INDIVIDUAL!F202+INDIVIDUAL!F233+INDIVIDUAL!F264+INDIVIDUAL!F326+INDIVIDUAL!F357+INDIVIDUAL!F388+INDIVIDUAL!F419+INDIVIDUAL!F451+INDIVIDUAL!F483 -> #REF! | G16: =SUM(B16:F16) -> #REF! | H16: =+INDIVIDUAL!H16+INDIVIDUAL!H47+INDIVIDUAL!H78+INDIVIDUAL!H109+INDIVIDUAL!H140+INDIVIDUAL!H295+INDIVIDUAL!H171+INDIVIDUAL!H202+INDIVIDUAL!H233+INDIVIDUAL!H264+INDIVIDUAL!H326+INDIVIDUAL!H357+INDIVIDUAL!H388+INDIVIDUAL!H419+INDIVIDUAL!H451+INDIVIDUAL!H483 -> #REF!
A17: Comayagüa | B17: =+INDIVIDUAL!B17+INDIVIDUAL!B48+INDIVIDUAL!B79+INDIVIDUAL!B110+INDIVIDUAL!B141+INDIVIDUAL!B296+INDIVIDUAL!B172+INDIVIDUAL!B203+INDIVIDUAL!B234+INDIVIDUAL!B265+INDIVIDUAL!B327+INDIVIDUAL!B358+INDIVIDUAL!B389+INDIVIDUAL!B420+INDIVIDUAL!B452+INDIVIDUAL!B484 -> 0 | C17: =+INDIVIDUAL!C17+INDIVIDUAL!C48+INDIVIDUAL!C79+INDIVIDUAL!C110+INDIVIDUAL!C141+INDIVIDUAL!C296+INDIVIDUAL!C172+INDIVIDUAL!C203+INDIVIDUAL!C234+INDIVIDUAL!C265+INDIVIDUAL!C327+INDIVIDUAL!C358+INDIVIDUAL!C389+INDIVIDUAL!C420+INDIVIDUAL!C452+INDIVIDUAL!C484 -> #REF! | D17: =+INDIVIDUAL!D17+INDIVIDUAL!D48+INDIVIDUAL!D79+INDIVIDUAL!D110+INDIVIDUAL!D141+INDIVIDUAL!D296+INDIVIDUAL!D172+INDIVIDUAL!D203+INDIVIDUAL!D234+INDIVIDUAL!D265+INDIVIDUAL!D327+INDIVIDUAL!D358+INDIVIDUAL!D389+INDIVIDUAL!D420+INDIVIDUAL!D452+INDIVIDUAL!D484 -> #REF! | E17: =+INDIVIDUAL!E17+INDIVIDUAL!E48+INDIVIDUAL!E79+INDIVIDUAL!E110+INDIVIDUAL!E141+INDIVIDUAL!E296+INDIVIDUAL!E172+INDIVIDUAL!E203+INDIVIDUAL!E234+INDIVIDUAL!E265+INDIVIDUAL!E327+INDIVIDUAL!E358+INDIVIDUAL!E389+INDIVIDUAL!E420+INDIVIDUAL!E452+INDIVIDUAL!E484 -> #REF! | F17: =+INDIVIDUAL!F17+INDIVIDUAL!F48+INDIVIDUAL!F79+INDIVIDUAL!F110+INDIVIDUAL!F141+INDIVIDUAL!F296+INDIVIDUAL!F172+INDIVIDUAL!F203+INDIVIDUAL!F234+INDIVIDUAL!F265+INDIVIDUAL!F327+INDIVIDUAL!F358+INDIVIDUAL!F389+INDIVIDUAL!F420+INDIVIDUAL!F452+INDIVIDUAL!F484 -> #REF! | G17: =SUM(B17:F17) -> #REF! | H17: =+INDIVIDUAL!H17+INDIVIDUAL!H48+INDIVIDUAL!H79+INDIVIDUAL!H110+INDIVIDUAL!H141+INDIVIDUAL!H296+INDIVIDUAL!H172+INDIVIDUAL!H203+INDIVIDUAL!H234+INDIVIDUAL!H265+INDIVIDUAL!H327+INDIVIDUAL!H358+INDIVIDUAL!H389+INDIVIDUAL!H420+INDIVIDUAL!H452+INDIVIDUAL!H484 -> #REF!
A18: Islas de la Bahía | B18: =+INDIVIDUAL!B18+INDIVIDUAL!B49+INDIVIDUAL!B80+INDIVIDUAL!B111+INDIVIDUAL!B142+INDIVIDUAL!B297+INDIVIDUAL!B173+INDIVIDUAL!B204+INDIVIDUAL!B235+INDIVIDUAL!B266+INDIVIDUAL!B328+INDIVIDUAL!B359+INDIVIDUAL!B390+INDIVIDUAL!B421+INDIVIDUAL!B453+INDIVIDUAL!B485 -> 1 | C18: =+INDIVIDUAL!C18+INDIVIDUAL!C49+INDIVIDUAL!C80+INDIVIDUAL!C111+INDIVIDUAL!C142+INDIVIDUAL!C297+INDIVIDUAL!C173+INDIVIDUAL!C204+INDIVIDUAL!C235+INDIVIDUAL!C266+INDIVIDUAL!C328+INDIVIDUAL!C359+INDIVIDUAL!C390+INDIVIDUAL!C421+INDIVIDUAL!C453+INDIVIDUAL!C485 -> #REF! | D18: =+INDIVIDUAL!D18+INDIVIDUAL!D49+INDIVIDUAL!D80+INDIVIDUAL!D111+INDIVIDUAL!D142+INDIVIDUAL!D297+INDIVIDUAL!D173+INDIVIDUAL!D204+INDIVIDUAL!D235+INDIVIDUAL!D266+INDIVIDUAL!D328+INDIVIDUAL!D359+INDIVIDUAL!D390+INDIVIDUAL!D421+INDIVIDUAL!D453+INDIVIDUAL!D485 -> #REF! | E18: =+INDIVIDUAL!E18+INDIVIDUAL!E49+INDIVIDUAL!E80+INDIVIDUAL!E111+INDIVIDUAL!E142+INDIVIDUAL!E297+INDIVIDUAL!E173+INDIVIDUAL!E204+INDIVIDUAL!E235+INDIVIDUAL!E266+INDIVIDUAL!E328+INDIVIDUAL!E359+INDIVIDUAL!E390+INDIVIDUAL!E421+INDIVIDUAL!E453+INDIVIDUAL!E485 -> #REF! | F18: =+INDIVIDUAL!F18+INDIVIDUAL!F49+INDIVIDUAL!F80+INDIVIDUAL!F111+INDIVIDUAL!F142+INDIVIDUAL!F297+INDIVIDUAL!F173+INDIVIDUAL!F204+INDIVIDUAL!F235+INDIVIDUAL!F266+INDIVIDUAL!F328+INDIVIDUAL!F359+INDIVIDUAL!F390+INDIVIDUAL!F421+INDIVIDUAL!F453+INDIVIDUAL!F485 -> #REF! | G18: =SUM(B18:F18) -> #REF! | H18: =+INDIVIDUAL!H18+INDIVIDUAL!H49+INDIVIDUAL!H80+INDIVIDUAL!H111+INDIVIDUAL!H142+INDIVIDUAL!H297+INDIVIDUAL!H173+INDIVIDUAL!H204+INDIVIDUAL!H235+INDIVIDUAL!H266+INDIVIDUAL!H328+INDIVIDUAL!H359+INDIVIDUAL!H390+INDIVIDUAL!H421+INDIVIDUAL!H453+INDIVIDUAL!H485 -> #REF!
A19: Ocotepeque | B19: =+INDIVIDUAL!B19+INDIVIDUAL!B50+INDIVIDUAL!B81+INDIVIDUAL!B112+INDIVIDUAL!B143+INDIVIDUAL!B298+INDIVIDUAL!B174+INDIVIDUAL!B205+INDIVIDUAL!B236+INDIVIDUAL!B267+INDIVIDUAL!B329+INDIVIDUAL!B360+INDIVIDUAL!B391+INDIVIDUAL!B422+INDIVIDUAL!B454+INDIVIDUAL!B486 -> 1 | C19: =+INDIVIDUAL!C19+INDIVIDUAL!C50+INDIVIDUAL!C81+INDIVIDUAL!C112+INDIVIDUAL!C143+INDIVIDUAL!C298+INDIVIDUAL!C174+INDIVIDUAL!C205+INDIVIDUAL!C236+INDIVIDUAL!C267+INDIVIDUAL!C329+INDIVIDUAL!C360+INDIVIDUAL!C391+INDIVIDUAL!C422+INDIVIDUAL!C454+INDIVIDUAL!C486 -> #REF! | D19: =+INDIVIDUAL!D19+INDIVIDUAL!D50+INDIVIDUAL!D81+INDIVIDUAL!D112+INDIVIDUAL!D143+INDIVIDUAL!D298+INDIVIDUAL!D174+INDIVIDUAL!D205+INDIVIDUAL!D236+INDIVIDUAL!D267+INDIVIDUAL!D329+INDIVIDUAL!D360+INDIVIDUAL!D391+INDIVIDUAL!D422+INDIVIDUAL!D454+INDIVIDUAL!D486 -> #REF! | E19: =+INDIVIDUAL!E19+INDIVIDUAL!E50+INDIVIDUAL!E81+INDIVIDUAL!E112+INDIVIDUAL!E143+INDIVIDUAL!E298+INDIVIDUAL!E174+INDIVIDUAL!E205+INDIVIDUAL!E236+INDIVIDUAL!E267+INDIVIDUAL!E329+INDIVIDUAL!E360+INDIVIDUAL!E391+INDIVIDUAL!E422+INDIVIDUAL!E454+INDIVIDUAL!E486 -> #REF! | F19: =+INDIVIDUAL!F19+INDIVIDUAL!F50+INDIVIDUAL!F81+INDIVIDUAL!F112+INDIVIDUAL!F143+INDIVIDUAL!F298+INDIVIDUAL!F174+INDIVIDUAL!F205+INDIVIDUAL!F236+INDIVIDUAL!F267+INDIVIDUAL!F329+INDIVIDUAL!F360+INDIVIDUAL!F391+INDIVIDUAL!F422+INDIVIDUAL!F454+INDIVIDUAL!F486 -> #REF! | G19: =SUM(B19:F19) -> #REF! | H19: =+INDIVIDUAL!H19+INDIVIDUAL!H50+INDIVIDUAL!H81+INDIVIDUAL!H112+INDIVIDUAL!H143+INDIVIDUAL!H298+INDIVIDUAL!H174+INDIVIDUAL!H205+INDIVIDUAL!H236+INDIVIDUAL!H267+INDIVIDUAL!H329+INDIVIDUAL!H360+INDIVIDUAL!H391+INDIVIDUAL!H422+INDIVIDUAL!H454+INDIVIDUAL!H486 -> #REF!
A20: Lempira | B20: =+INDIVIDUAL!B20+INDIVIDUAL!B51+INDIVIDUAL!B82+INDIVIDUAL!B113+INDIVIDUAL!B144+INDIVIDUAL!B299+INDIVIDUAL!B175+INDIVIDUAL!B206+INDIVIDUAL!B237+INDIVIDUAL!B268+INDIVIDUAL!B330+INDIVIDUAL!B361+INDIVIDUAL!B392+INDIVIDUAL!B423+INDIVIDUAL!B455+INDIVIDUAL!B487 -> 0 | C20: =+INDIVIDUAL!C20+INDIVIDUAL!C51+INDIVIDUAL!C82+INDIVIDUAL!C113+INDIVIDUAL!C144+INDIVIDUAL!C299+INDIVIDUAL!C175+INDIVIDUAL!C206+INDIVIDUAL!C237+INDIVIDUAL!C268+INDIVIDUAL!C330+INDIVIDUAL!C361+INDIVIDUAL!C392+INDIVIDUAL!C423+INDIVIDUAL!C455+INDIVIDUAL!C487 -> #REF! | D20: =+INDIVIDUAL!D20+INDIVIDUAL!D51+INDIVIDUAL!D82+INDIVIDUAL!D113+INDIVIDUAL!D144+INDIVIDUAL!D299+INDIVIDUAL!D175+INDIVIDUAL!D206+INDIVIDUAL!D237+INDIVIDUAL!D268+INDIVIDUAL!D330+INDIVIDUAL!D361+INDIVIDUAL!D392+INDIVIDUAL!D423+INDIVIDUAL!D455+INDIVIDUAL!D487 -> #REF! | E20: =+INDIVIDUAL!E20+INDIVIDUAL!E51+INDIVIDUAL!E82+INDIVIDUAL!E113+INDIVIDUAL!E144+INDIVIDUAL!E299+INDIVIDUAL!E175+INDIVIDUAL!E206+INDIVIDUAL!E237+INDIVIDUAL!E268+INDIVIDUAL!E330+INDIVIDUAL!E361+INDIVIDUAL!E392+INDIVIDUAL!E423+INDIVIDUAL!E455+INDIVIDUAL!E487 -> #REF! | F20: =+INDIVIDUAL!F20+INDIVIDUAL!F51+INDIVIDUAL!F82+INDIVIDUAL!F113+INDIVIDUAL!F144+INDIVIDUAL!F299+INDIVIDUAL!F175+INDIVIDUAL!F206+INDIVIDUAL!F237+INDIVIDUAL!F268+INDIVIDUAL!F330+INDIVIDUAL!F361+INDIVIDUAL!F392+INDIVIDUAL!F423+INDIVIDUAL!F455+INDIVIDUAL!F487 -> #REF! | G20: =SUM(B20:F20) -> #REF! | H20: =+INDIVIDUAL!H20+INDIVIDUAL!H51+INDIVIDUAL!H82+INDIVIDUAL!H113+INDIVIDUAL!H144+INDIVIDUAL!H299+INDIVIDUAL!H175+INDIVIDUAL!H206+INDIVIDUAL!H237+INDIVIDUAL!H268+INDIVIDUAL!H330+INDIVIDUAL!H361+INDIVIDUAL!H392+INDIVIDUAL!H423+INDIVIDUAL!H455+INDIVIDUAL!H487 -> #REF!
... A25: La Paz | B25: =+INDIVIDUAL!B25+INDIVIDUAL!B56+INDIVIDUAL!B87+INDIVIDUAL!B118+INDIVIDUAL!B149+INDIVIDUAL!B304+INDIVIDUAL!B180+INDIVIDUAL!B211+INDIVIDUAL!B242+INDIVIDUAL!B273+INDIVIDUAL!B335+INDIVIDUAL!B366+INDIVIDUAL!B397+INDIVIDUAL!B428+INDIVIDUAL!B460+INDIVIDUAL!B492 -> 0 | C25: =+INDIVIDUAL!C25+INDIVIDUAL!C56+INDIVIDUAL!C87+INDIVIDUAL!C118+INDIVIDUAL!C149+INDIVIDUAL!C304+INDIVIDUAL!C180+INDIVIDUAL!C211+INDIVIDUAL!C242+INDIVIDUAL!C273+INDIVIDUAL!C335+INDIVIDUAL!C366+INDIVIDUAL!C397+INDIVIDUAL!C428+INDIVIDUAL!C460+INDIVIDUAL!C492 -> #REF! | D25: =+INDIVIDUAL!D25+INDIVIDUAL!D56+INDIVIDUAL!D87+INDIVIDUAL!D118+INDIVIDUAL!D149+INDIVIDUAL!D304+INDIVIDUAL!D180+INDIVIDUAL!D211+INDIVIDUAL!D242+INDIVIDUAL!D273+INDIVIDUAL!D335+INDIVIDUAL!D366+INDIVIDUAL!D397+INDIVIDUAL!D428+INDIVIDUAL!D460+INDIVIDUAL!D492 -> #REF! | E25: =+INDIVIDUAL!E25+INDIVIDUAL!E56+INDIVIDUAL!E87+INDIVIDUAL!E118+INDIVIDUAL!E149+INDIVIDUAL!E304+INDIVIDUAL!E180+INDIVIDUAL!E211+INDIVIDUAL!E242+INDIVIDUAL!E273+INDIVIDUAL!E335+INDIVIDUAL!E366+INDIVIDUAL!E397+INDIVIDUAL!E428+INDIVIDUAL!E460+INDIVIDUAL!E492 -> #REF! | F25: =+INDIVIDUAL!F25+INDIVIDUAL!F56+INDIVIDUAL!F87+INDIVIDUAL!F118+INDIVIDUAL!F149+INDIVIDUAL!F304+INDIVIDUAL!F180+INDIVIDUAL!F211+INDIVIDUAL!F242+INDIVIDUAL!F273+INDIVIDUAL!F335+INDIVIDUAL!F366+INDIVIDUAL!F397+INDIVIDUAL!F428+INDIVIDUAL!F460+INDIVIDUAL!F492 -> #REF! | G25: =SUM(B25:F25) -> #REF! | H25: =+INDIVIDUAL!H25+INDIVIDUAL!H56+INDIVIDUAL!H87+INDIVIDUAL!H118+INDIVIDUAL!H149+INDIVIDUAL!H304+INDIVIDUAL!H180+INDIVIDUAL!H211+INDIVIDUAL!H242+INDIVIDUAL!H273+INDIVIDUAL!H335+INDIVIDUAL!H366+INDIVIDUAL!H397+INDIVIDUAL!H428+INDIVIDUAL!H460+INDIVIDUAL!H492 -> #REF!
A26: Intibuca | B26: =+INDIVIDUAL!B26+INDIVIDUAL!B57+INDIVIDUAL!B88+INDIVIDUAL!B119+INDIVIDUAL!B150+INDIVIDUAL!B305+INDIVIDUAL!B181+INDIVIDUAL!B212+INDIVIDUAL!B243+INDIVIDUAL!B274+INDIVIDUAL!B336+INDIVIDUAL!B367+INDIVIDUAL!B398+INDIVIDUAL!B429+INDIVIDUAL!B461+INDIVIDUAL!B493 -> 0 | C26: =+INDIVIDUAL!C26+INDIVIDUAL!C57+INDIVIDUAL!C88+INDIVIDUAL!C119+INDIVIDUAL!C150+INDIVIDUAL!C305+INDIVIDUAL!C181+INDIVIDUAL!C212+INDIVIDUAL!C243+INDIVIDUAL!C274+INDIVIDUAL!C336+INDIVIDUAL!C367+INDIVIDUAL!C398+INDIVIDUAL!C429+INDIVIDUAL!C461+INDIVIDUAL!C493 -> #REF! | D26: =+INDIVIDUAL!D26+INDIVIDUAL!D57+INDIVIDUAL!D88+INDIVIDUAL!D119+INDIVIDUAL!D150+INDIVIDUAL!D305+INDIVIDUAL!D181+INDIVIDUAL!D212+INDIVIDUAL!D243+INDIVIDUAL!D274+INDIVIDUAL!D336+INDIVIDUAL!D367+INDIVIDUAL!D398+INDIVIDUAL!D429+INDIVIDUAL!D461+INDIVIDUAL!D493 -> #REF! | E26: =+INDIVIDUAL!E26+INDIVIDUAL!E57+INDIVIDUAL!E88+INDIVIDUAL!E119+INDIVIDUAL!E150+INDIVIDUAL!E305+INDIVIDUAL!E181+INDIVIDUAL!E212+INDIVIDUAL!E243+INDIVIDUAL!E274+INDIVIDUAL!E336+INDIVIDUAL!E367+INDIVIDUAL!E398+INDIVIDUAL!E429+INDIVIDUAL!E461+INDIVIDUAL!E493 -> #REF! | F26: =+INDIVIDUAL!F26+INDIVIDUAL!F57+INDIVIDUAL!F88+INDIVIDUAL!F119+INDIVIDUAL!F150+INDIVIDUAL!F305+INDIVIDUAL!F181+INDIVIDUAL!F212+INDIVIDUAL!F243+INDIVIDUAL!F274+INDIVIDUAL!F336+INDIVIDUAL!F367+INDIVIDUAL!F398+INDIVIDUAL!F429+INDIVIDUAL!F461+INDIVIDUAL!F493 -> #REF! | G26: =SUM(B26:F26) -> #REF! | H26: =+INDIVIDUAL!H26+INDIVIDUAL!H57+INDIVIDUAL!H88+INDIVIDUAL!H119+INDIVIDUAL!H149+INDIVIDUAL!H305+INDIVIDUAL!H181+INDIVIDUAL!H212+INDIVIDUAL!H243+INDIVIDUAL!H274+INDIVIDUAL!H336+INDIVIDUAL!H367+INDIVIDUAL!H398+INDIVIDUAL!H429+INDIVIDUAL!H461+INDIVIDUAL!H493 -> #REF!
A28: TOTALES | B28: =SUM(B9:B26) -> 83 | C28: =SUM(C9:C26) -> #REF! | D28: =SUM(D9:D26) -> #REF! | E28: =SUM(E9:E26) -> #REF! | F28: =SUM(F9:F26) -> #REF! | G28: =SUM(B28:F28) -> #REF! | H28: =SUM(H9:H26) -> #REF!
A29: 1/ Considerar como "Sucursal" a la oficina que lleve, por separado de la oficina principal, los registros contables y/o centralice las operaciones de una determinada región del país.
A30: 2/ En "Otras Oficinas" puede incluir, según corresponda a su Institución: Autobancos, cajeros automáticos, corredurias, puestos de bolsa, bodegas habilitadas y otras oficinas de atención al
A31: público.

Sheet REPORTE
A2: INSTITUCIONES SUPERVISADAS POR LA COMISIÓN NACIONAL DE BANCOS Y SEGUROS
A3: Al 30 de Junio de 2020
A5: No. | B5: Institución | C5: Nombre de Referencia | D5: Fecha Inicio de Operaciones | E5: Oficina Principal (Ciudad) | F5: Sucursales | G5: Agencias | H5: Ventanillas de Servicio | I5: Otras Oficinas1/ | J5: No. Total de Oficinas | K5: No. de Funcionarios y Empleados
B6: Bancos Comerciales
A7: 1 | B7: Banco de Honduras, S.A. | C7: HONDURAS | D7: 2-oct-1889 | E7: Tegucigalpa | F7: 1 | G7: 0 | H7: 0 | I7: 0 | J7: 2 | K7: 58
A8: 2 | B8: Banco Atlántida, S.A. | C8: BANCATLAN | D8: 5389 | E8: Tegucigalpa | F8: 16 | G8: 107 | H8: 67 | I8: 1212 | J8: 1403 | K8: 2302
A9: 3 | B9: Banco de Occidente, S.A. | C9: BANCOCCI | D9: 18872 | E9: Sta. Rosa de Copán | F9: 8 | G9: 131 | H9: 15 | I9: 96 | J9: 251 | K9: 3776
A10: 4 | B10: Banco de los Trabajadores, S.A. | C10: BANCOTRAB | D10: 24593 | E10: Tegucigalpa | F10: 0 | G10: 31 | H10: 6 | I10: 11 | J10: 49 | K10: 519
A11: 5 | B11: Banco Financiera Centroamericana, S.A. | C11: FICENSA | D11: 27995 | E11: Tegucigalpa | F11: 4 | G11: 11 | H11: 2 | I11: 5 | J11: 23 | K11: 281
A12: 6 | B12: Banco Hondureño del Café, S.A. | C12: BANHCAFE | D12: 29710 | E12: Tegucigalpa | F12: 1 | G12: 34 | H12: 2 | I12: 0 | J12: 38 | K12: 604
A13: 7 | B13: Banco del País, S.A. | C13: BANPAIS | D13: 33794 | E13: San Pedro Sula | F13: 2 | G13: 87 | H13: 66 | I13: 173 | J13: 329 | K13: 2263
A14: 8 | B14: Banco Financiera Comercial Hondureña, S.A. | C14: FICOHSA | D14: 34533 | E14: Tegucigalpa | F14: 1 | G14: 70 | H14: 72 | I14: 1858 | J14: 2002 | K14: 2367
A15: 9 | B15: Banco Lafise (Honduras), Sociedad Anónima | C15: LAFISE | D15: 35612 | E15: Tegucigalpa | F15: 1 | G15: 20 | H15: 5 | I15: 97 | J15: 124 | K15: 509
A16: 10 | B16: Banco Davivienda Honduras, Sociedad Anónima | C16: BANCO DAVIVIENDA | D16: 36708 | E16: Tegucigalpa | F16: 2 | G16: 42 | H16: 5 | I16: 79 | J16: 129 | K16: 1079
A17: 11 | B17: Banco Promerica, S.A. | C17: PROMERICA | D17: 36901 | E17: Tegucigalpa | F17: 1 | G17: 13 | H17: 3 | I17: 83 | J17: 101 | K17: 691
A18: 12 | B18: Banco de Desarrollo Rural Honduras, S.A. | C18: BANRURAL | D18: 39251 | E18: Tegucigalpa | F18: 0 | G18: 62 | H18: 16 | I18: 737 | J18: 816 | K18: 1101
A19: 13 | B19: Banco Azteca de Honduras, S.A. | C19: AZTECA | D19: 39292 | E19: Tegucigalpa | F19: 0 | G19: 117 | H19: 0 | I19: 0 | J19: 118 | K19: 1764
... A21: 15 | B21: Banco de América Central Honduras, S. A. | C21: BAC|CREDOMATIC | D21: 35872 | E21: Tegucigalpa | F21: 1 | G21: 59 | H21: 66 | I21: 2098 | J21: 2225 | K21: 3475
B22: Subtotal | E22: 15 | F22: 38 | G22: 812 | H22: 325 | I22: 6451 | J22: 7641 | K22: 21458
B23: Bancos Estatales
A24: 1 | B24: Banco Central de Honduras | C24: BCH | D24: 18445 | E24: Tegucigalpa | F24: 3 | G24: 0 | H24: 0 | I24: 0 | J24: 4 | K24: 1206
A25: 2 | B25: Banco Nacional de Desarrollo Agrícola | C25: BANADESA | D25: 29312 | E25: Tegucigalpa | F25: 0 | G25: 28 | H25: 7 | I25: 0 | J25: 36 | K25: 436
A26: 3 | B26: Banco Hondureño para la Producción y la Vivienda | C26: BANHPROVI | D26: 38443 | E26: Tegucigalpa | F26: 0 | G26: 5 | H26: 0 | I26: 0 | J26: 6 | K26: 256
B27: Subtotal | E27: 3 | F27: 3 | G27: 33 | H27: 7 | I27: 0 | J27: 46 | K27: 1898
B28: Sociedades Financieras
A29: 1 | B29: Financiera Codimersa, S.A. | C29: CODIMERSA | D29: 35684 | E29: Sta. Rosa de Copán | F29: 0 | G29: 3 | H29: 0 | I29: 0 | J29: 4 | K29: 16
A30: 2 | B30: Leasing Atlántida, S.A. | C30: LEASING ATLÁNTIDA | D30: 35845 | E30: Tegucigalpa | F30: 0 | G30: 2 | H30: 0 | I30: 0 | J30: 3 | K30: 75
A31: 3 | B31: Financiera Credi Q, S.A. | C31: CREDI Q | D31: 36293 | E31: Tegucigalpa | F31: 1 | G31: 3 | H31: 0 | I31: 0 | J31: 5 | K31: 132
A32: 4 | B32: Financiera Solidaria, S.A. | C32: FINSOL | D32: 36312 | E32: San Pedro Sula | F32: 0 | G32: 23 | H32: 0 | I32: 2 | J32: 26 | K32: 328
A33: 5 | B33: Corporación Financiera Internacional, S.A. | C33: COFINTER | D33: 36384 | E33: Tegucigalpa | F33: 1 | G33: 0 | H33: 0 | I33: 0 | J33: 2 | K33: 58
A34: 6 | B34: Financiera Popular Ceibeña, S.A. | C34: FPC | D34: 36398 | E34: La Ceiba | F34: 0 | G34: 3 | H34: 0 | I34: 0 | J34: 4 | K34: 40
A35: 7 | B35: Compañía Financiera, S.A. | C35: COFISA | D35: 36419 | E35: San Pedro Sula | F35: 0 | G35: 15 | H35: 5 | I35: 0 | J35: 21 | K35: 238
A36: 8 | B36: Financiera Insular, S.A. | C36: FINISA | D36: 37865 | E36: Islas de la Bahía | F36: 0 | G36: 0 | H36: 0 | I36: 0 | J36: 1 | K36: 17
A37: 9 | B37: Financiera Finca Honduras, S.A. | C37: FINCA HONDURAS | D37: 39601 | E37: Tegucigalpa | F37: 7 | G37: 16 | H37: 0 | I37: 0 | J37: 24 | K37: 232
A38: 10 | B38: Organización de Desarrollo Empresarial Femenino Financiera, S.A. | C38: ODEF FINANCIERA | D38: 39630 | E38: San Pedro Sula | F38: 0 | G38: 32 | H38: 0 | I38: 16 | J38: 49 | K38: 450
B39: Subtotal | E39: 10 | F39: 9 | G39: 97 | H39: 5 | I39: 18 | J39: 139 | K39: 1586
B40: Oficinas de Representación
A41: 1 | B41: Laad Américas, N.V. | C41: LAAD | D41: 38769 | E41: San Pedro Sula | F41: 0 | G41: 0 | H41: 0 | I41: 0 | J41: 1 | K41: 1
B42: Subtotal | E42: 1 | F42: 0 | G42: 0 | H42: 0 | I42: 0 | J42: 1 | K42: 1
B43: Instituciones de Seguros
A44: 1 | B44: Seguros Bolívar Honduras, S.A. | C44: SEGUROS DAVIVIENDA | D44: 6227 | E44: Tegucigalpa | F44: 0 | G44: 3 | H44: 0 | I44: 0 | J44: 4 | K44: 151
A45: 2 | B45: Pan American Life Insurance Company | C45: PALIC | D45: 16162 | E45: Tegucigalpa | F45: 0 | G45: 0 | H45: 0 | I45: 1 | J45: 2 | K45: 81
A46: 3 | B46: MAPFRE|SEGUROS HONDURAS, S.A. | C46: MAPFRE|SEGUROS | D46: 19914 | E46: Tegucigalpa | F46: 2 | G46: 0 | H46: 0 | I46: 0 | J46: 3 | K46: 184
A47: 4 | B47: Interamericana de Seguros, S.A. | C47: FICOHSA SEGUROS | D47: 20922 | E47: Tegucigalpa | F47: 1 | G47: 1 | H47: 0 | I47: 0 | J47: 3 | K47: 356
A48: 5 | B48: Seguros Continental, S.A. | C48: SEGUROS CONTINENTAL | D48: 25126 | E48: San Pedro Sula | F48: 0 | G48: 1 | H48: 0 | I48: 0 | J48: 2 | K48: 95
A49: 6 | B49: Seguros Atlántida, S.A. | C49: SEGUROS ATLÁNTIDA | D49: 31413 | E49: Tegucigalpa | F49: 4 | G49: 0 | H49: 0 | I49: 0 | J49: 5 | K49: 238
A50: 7 | B50: Seguros Crefisa, S.A. | C50: CREFISA | D50: 34213 | E50: Tegucigalpa | F50: 0 | G50: 2 | H50: 0 | I50: 0 | J50: 3 | K50: 106
A51: 8 | B51: Seguros Equidad, S.A. | C51: SEGUROS EQUIDAD | D51: 36609 | E51: Tegucigalpa | F51: 1 | G51: 2 | H51: 0 | I51: 0 | J51: 4 | K51: 110
A52: 9 | B52: Seguros del País, S.A | C52: SEGUROS DEL PAÍS | D52: 37294 | E52: San Pedro Sula | F52: 1 | G52: 0 | H52: 0 | I52: 0 | J52: 2 | K52: 84
A53: 10 | B53: Seguros Lafise (Honduras), Sociedad Anónima | C53: SEGUROS LAFISE | D53: 40148 | E53: Tegucigalpa | F53: 0 | G53: 4 | H53: 0 | I53: 0 | J53: 5 | K53: 85
A54: 11 | B54: ASSA Compañía de Seguros, S.A. Sucursal Honduras 2/ | C54: ASSA | D54: 41334 | E54: Tegucigalpa | F54: - | G54: - | H54: - | I54: - | J54: - | K54: -
A55: 12 | B55: Seguros Banrural Honduras, Sociedad Anónima | C55: SEGUROS BANRURAL | D55: 42607 | E55: Tegucigalpa | F55: 0 | G55: 2 | H55: 0 | I55: 0 | J55: 3 | K55: 31
A56: 13 | B56: ASSA Compañía de Seguros Honduras, S.A. 3/ | C56: ASSA CIA. DE SEGUROS | D56: 43739 | E56: Tegucigalpa | F56: 0 | G56: 1 | H56: 0 | I56: 0 | J56: 2 | K56: 50
B57: Subtotal | E57: 13 | F57: 9 | G57: 16 | H57: 0 | I57: 1 | J57: 38 | K57: 1571
B58: Procesadoras de Tarjetas de Crédito
A59: 1 | B59: Credomatic de Honduras, S.A. | C59: CREDOMATIC | D59: 27893 | E59: Tegucigalpa | F59: 0 | G59: 0 | H59: 0 | I59: 7 | J59: 8 | K59: 259
A60: 2 | B60: Ventas Internacionales, S.A. | C60: VISA | D60: 28626 | E60: Tegucigalpa | F60: 0 | G60: 0 | H60: 0 | I60: 0 | J60: 1 | K60: 0
A61: 3 | B61: ALCANCE, S.A. de C.V. | C61: ALCANCE | D61: 39030 | E61: Tegucigalpa | F61: 0 | G61: 0 | H61: 0 | I61: 2 | J61: 3 | K61: 1075
B62: Subtotal | E62: 3 | F62: 0 | G62: 0 | H62: 0 | I62: 9 | J62: 12 | K62: 1334
B63: Fondos Privados de Pensiones
A64: 1 | B64: Administradora de Fondos de Pensiones Atlántida, S.A. | C64: AFP ATLÁNTIDA | D64: 36000 | E64: Tegucigalpa | F64: 0 | G64: 0 | H64: 0 | I64: 3 | J64: 4 | K64: 123
A65: 2 | B65: Administradora de Fondos de Pensiones Ficohsa, S.A. | C65: FICOHSA PENSIONES Y CENSANTÍAS | D65: 41962 | E65: Tegucigalpa | F65: 0 | G65: 1 | H65: 0 | I65: 0 | J65: 2 | K65: 51
A66: 3 | B66: Administradora de Fondos de Pensiones y Cesantías BAC|Pensiones Honduras, S.A. | C66: BAC|PENSIONES | D66: 42706 | E66: Tegucigalpa | F66: 0 | G66: 0 | H66: 0 | I66: 0 | J66: 1 | K66: 18
A67: 4 | B67: Administradora de Fondos Privados de Pensiones y Cesantías Occidente, S.A. 4/ | C67: AFPC OCCIDENTE | D67: N/D | E67: N/D | F67: N/D | G67: N/D | H67: N/D | I67: N/D | J67: N/D | K67: N/D
B68: Subtotal | E68: 4 | F68: 0 | G68: 1 | H68: 0 | I68: 3 | J68: 7 | K68: 192
A70: INSTITUCIONES SUPERVISADAS POR LA COMISIÓN NACIONAL DE BANCOS Y SEGUROS
A71: =+A3 -> Al 30 de Junio de 2020
A73: No. | B73: Institución | C73: Nombre de Referencia | D73: Fecha Inicio de Operaciones | E73: Oficina Principal (Ciudad) | F73: Sucursales | G73: Agencias | H73: Ventanillas de Servicio | I73: Otras Oficinas1/ | J73: No. Total de Oficinas | K73: No. de Funcionarios y Empleados
B74: Fondos Públicos de Pensiones
A75: 1 | B75: Instituto Hondureño de Seguridad Social | C75: IHSS | D75: 21976 | E75: Tegucigalpa | F75: 1 | G75: 26 | H75: 0 | I75: 0 | J75: 28 | K75: 6207
A76: 2 | B76: Instituto de Previsión Militar | C76: IPM | D76: 26459 | E76: Tegucigalpa | F76: 0 | G76: 1 | H76: 0 | I76: 0 | J76: 2 | K76: 326
A77: 3 | B77: Instituto Nacional de Jubilaciones y Pensiones de los Empleados y Funcionarios Públicos | C77: INJUPEMP | D77: 27880 | E77: Tegucigalpa | F77: 0 | G77: 5 | H77: 0 | I77: 0 | J77: 6 | K77: 475
A78: 4 | B78: Instituto Nacional de Previsión del Magisterio | C78: INPREMA | D78: 29434 | E78: Tegucigalpa | F78: 0 | G78: 3 | H78: 0 | I78: 0 | J78: 4 | K78: 330
A79: 5 | B79: Instituto de Previsión Social de los Empleados de la Universidad Nacional Autónoma de Honduras | C79: INPREUNAH | D79: 32686 | E79: Tegucigalpa | F79: 0 | G79: 0 | H79: 0 | I79: 2 | J79: 3 | K79: 48
B80: Subtotal | E80: 5 | F80: 1 | G80: 35 | H80: 0 | I80: 2 | J80: 43 | K80: 7386
B81: Bolsa de Valores
A82: 1 | B82: Bolsa Centroamericana de Valores, S.A. | C82: BCV | D82: 34222 | E82: Tegucigalpa | F82: 0 | G82: 0 | H82: 0 | I82: 0 | J82: 1 | K82: 9
B83: Subtotal | E83: 1 | F83: 0 | G83: 0 | H83: 0 | I83: 0 | J83: 1 | K83: 9
B84: Casas de Bolsa
A85: 1 | B85: Casa de Bolsa de Valores, S.A. | C85: CABVAL | D85: 33047 | E85: Tegucigalpa | F85: 0 | G85: 0 | H85: 0 | I85: 0 | J85: 1 | K85: 8
A86: 2 | B86: Promociones e Inversiones en Bolsa, S.A. | C86: PROBOLSA | D86: 33115 | E86: San Pedro Sula | F86: 0 | G86: 0 | H86: 0 | I86: 0 | J86: 1 | K86: 2
A87: 3 | B87: Fomento Financiero, S.A. | C87: FOMENTO FINANCIERO | D87: 33115 | E87: Tegucigalpa | F87: 0 | G87: 0 | H87: 0 | I87: 0 | J87: 1 | K87: 13
A88: 4 | B88: Casa de Bolsa Atlántida, S.A. | C88: CASA DE BOLSA ATLÁNTIDA | D88: 34173 | E88: Tegucigalpa | F88: 0 | G88: 0 | H88: 0 | I88: 0 | J88: 1 | K88: 5
A89: 5 | B89: Promotora Bursátil, S.A. | C89: PROBURSA | D89: 34160 | E89: Tegucigalpa | F89: 0 | G89: 0 | H89: 0 | I89: 0 | J89: 1 | K89: 5
A90: 6 | B90: Continental Casa de Bolsa, S.A. | C90: CONTINENTAL CASA DE BOLSA | D90: 34180 | E90: San Pedro Sula | F90: 0 | G90: 0 | H90: 0 | I90: 0 | J90: 1 | K90: 2
A91: 7 | B91: Lafise, Valores de Honduras, S.A. | C91: LAFISE | D91: 34912 | E91: Tegucigalpa | F91: 0 | G91: 0 | H91: 1 | I91: 0 | J91: 2 | K91: 1
B92: Subtotal | E92: 7 | F92: 0 | G92: 0 | H92: 1 | I92: 0 | J92: 8 | K92: 36
B93: Almacenes Generales de Depósito
A94: 1 | B94: Almacenes de Depósito, S.A. | C94: ALDESA | D94: 24960 | E94: San Pedro Sula | F94: 3 | G94: 0 | H94: 0 | I94: 3 | J94: 7 | K94: 112
A95: 2 | B95: Compañía Almacenadora, S.A. | C95: COALSA | D95: 26054 | E95: Tegucigalpa | F95: 1 | G95: 0 | H95: 0 | I95: 0 | J95: 2 | K95: 86
A96: 3 | B96: Almacenes Generales de Depósitos de Café, S.A. | C96: ALMACAFE | D96: 31875 | E96: San Pedro Sula | F96: 1 | G96: 0 | H96: 0 | I96: 0 | J96: 2 | K96: 24
A97: 4 | B97: Almacenadora Hondureña, S.A. | C97: ALMAHSA | D97: 34738 | E97: San Pedro Sula | F97: 0 | G97: 0 | H97: 0 | I97: 1 | J97: 2 | K97: 24
B98: Subtotal | E98: 4 | F98: 5 | G98: 0 | H98: 0 | I98: 4 | J98: 13 | K98: 246
B99: Casas de Cambio
A100: 1 | B100: Divisas Corporativas-Casa de Cambio, S.A. | C100: FICOHSA CASA DE CAMBIO | D100: 33792 | E100: Tegucigalpa | F100: 0 | G100: 1 | H100: 0 | I100: 0 | J100: 2 | K100: 3
A101: 2 | B101: Roble Viejo, S.A. | C101: ROVIESA | D101: 33812 | E101: Tegucigalpa | F101: 0 | G101: 0 | H101: 47 | I101: 0 | J101: 48 | K101: 58
A102: 3 | B102: Corporación de Inversiones Nacionales, S.A. | C102: COINSA | D102: 33940 | E102: Tegucigalpa | F102: 0 | G102: 0 | H102: 0 | I102: 0 | J102: 1 | K102: 1
B103: Subtotal | E103: 3 | F103: 0 | G103: 1 | H103: 47 | I103: 0 | J103: 51 | K103: 62
B104: Organizaciones Privadas de Desarrollo Financieras
A105: 1 | B105: Fundación Microfinanciera Hermandad de Honduras, OPDF | C105: HDH - OPDF | D105: 38686 | E105: San Marcos de Ocotepeque | F105: 0 | G105: 16 | H105: 6 | I105: 22 | J105: 45 | K105: 259
...

Sheet datos
A1: Institucion | B1: departamento | C1: Oficina principal | D1: sucursales | E1: agencias | F1: ventanillas | G1: otras oficinas | H1: empleados | I1: Columna1
A2: 0101 | B2: 01 | C2: 0 | D2: =#REF! -> #REF! | E2: =#REF! -> #REF! | F2: =#REF! -> #REF! | G2: =#REF! -> #REF! | H2: =#REF!+#REF!+#REF!+#REF! -> #REF!
A3: 0101 | B3: 02 | C3: 0 | D3: =#REF! -> #REF! | E3: =#REF! -> #REF! | F3: =#REF! -> #REF! | G3: =#REF! -> #REF! | H3: =#REF!+#REF!+#REF!+#REF! -> #REF!
A4: 0101 | B4: 03 | C4: 0 | D4: =#REF! -> #REF! | E4: =#REF! -> #REF! | F4: =#REF! -> #REF! | G4: =#REF! -> #REF! | H4: =#REF!+#REF!+#REF!+#REF! -> #REF!
A5: 0101 | B5: 04 | C5: 0 | D5: =#REF! -> #REF! | E5: =#REF! -> #REF! | F5: =#REF! -> #REF! | G5: =#REF! -> #REF! | H5: =#REF!+#REF!+#REF!+#REF! -> #REF!
A6: 0101 | B6: 05 | C6: 0 | D6: =#REF! -> #REF! | E6: =#REF! -> #REF! | F6: =#REF! -> #REF! | G6: =#REF! -> #REF! | H6: =#REF!+#REF!+#REF!+#REF! -> #REF!
A7: 0101 | B7: 06 | C7: 0 | D7: =#REF! -> #REF! | E7: =#REF! -> #REF! | F7: =#REF! -> #REF! | G7: =#REF! -> #REF! | H7: =#REF!+#REF!+#REF!+#REF! -> #REF!
A8: 0101 | B8: 07 | C8: 0 | D8: =#REF! -> #REF! | E8: =#REF! -> #REF! | F8: =#REF! -> #REF! | G8: =#REF! -> #REF! | H8: =#REF!+#REF!+#REF!+#REF! -> #REF!
A9: 0101 | B9: 08 | C9: 1 | D9: =#REF! -> #REF! | E9: =#REF! -> #REF! | F9: =#REF! -> #REF! | G9: =#REF! -> #REF! | H9: =#REF!+#REF!+#REF!+#REF! -> #REF!
A10: 0101 | B10: 09 | C10: 0 | D10: =#REF! -> #REF! | E10: =#REF! -> #REF! | F10: =#REF! -> #REF! | G10: =#REF! -> #REF! | H10: =#REF!+#REF!+#REF!+#REF! -> #REF!
A11: 0101 | B11: 10 | C11: 0 | D11: =#REF! -> #REF! | E11: =#REF! -> #REF! | F11: =#REF! -> #REF! | G11: =#REF! -> #REF! | H11: =#REF!+#REF!+#REF!+#REF! -> #REF!
A12: 0101 | B12: 11 | C12: 0 | D12: =#REF! -> #REF! | E12: =#REF! -> #REF! | F12: =#REF! -> #REF! | G12: =#REF! -> #REF! | H12: =#REF!+#REF!+#REF!+#REF! -> #REF!
A13: 0101 | B13: 12 | C13: 0 | D13: =#REF! -> #REF! | E13: =#REF! -> #REF! | F13: =#REF! -> #REF! | G13: =#REF! -> #REF! | H13: =#REF!+#REF!+#REF!+#REF! -> #REF!
... A19: 0101 | B19: 18 | C19: 0 | D19: =#REF! -> #REF! | E19: =#REF! -> #REF! | F19: =#REF! -> #REF! | G19: =#REF! -> #REF! | H19: =#REF!+#REF!+#REF!+#REF! -> #REF!
A20: 0102 | B20: 01 | C20: 0 | D20: =+#REF! -> #REF! | E20: =+#REF! -> #REF! | F20: =+#REF! -> #REF! | G20: =+#REF! -> #REF! | H20: =+#REF!+#REF!+#REF!+#REF! -> #REF!
A21: 0102 | B21: 02 | C21: 0 | D21: =+#REF! -> #REF! | E21: =+#REF! -> #REF! | F21: =+#REF! -> #REF! | G21: =+#REF! -> #REF! | H21: =+#REF!+#REF!+#REF!+#REF! -> #REF!
A22: 0102 | B22: 03 | C22: 0 | D22: =+#REF! -> #REF! | E22: =+#REF! -> #REF! | F22: =+#REF! -> #REF! | G22: =+#REF! -> #REF! | H22: =+#REF!+#REF!+#REF!+#REF! -> #REF!
A23: 0102 | B23: 04 | C23: 0 | D23: =+#REF! -> #REF! | E23: =+#REF! -> #REF! | F23: =+#REF! -> #REF! | G23: =+#REF! -> #REF! | H23: =+#REF!+#REF!+#REF!+#REF! -> #REF!
A24: 0102 | B24: 05 | C24: 0 | D24: =+#REF! -> #REF! | E24: =+#REF! -> #REF! | F24: =+#REF! -> #REF! | G24: =+#REF! -> #REF! | H24: =+#REF!+#REF!+#REF!+#REF! -> #REF!
A25: 0102 | B25: 06 | C25: 0 | D25: =+#REF! -> #REF! | E25: =+#REF! -> #REF! | F25: =+#REF! -> #REF! | G25: =+#REF! -> #REF! | H25: =+#REF!+#REF!+#REF!+#REF! -> #REF!
A26: 0102 | B26: 07 | C26: 0 | D26: =+#REF! -> #REF! | E26: =+#REF! -> #REF! | F26: =+#REF! -> #REF! | G26: =+#REF! -> #REF! | H26: =+#REF!+#REF!+#REF!+#REF! -> #REF!
A27: 0102 | B27: 08 | C27: 1 | D27: =+#REF! -> #REF! | E27: =+#REF! -> #REF! | F27: =+#REF! -> #REF! | G27: =+#REF! -> #REF! | H27: =+#REF!+#REF!+#REF!+#REF! -> #REF!
A28: 0102 | B28: 09 | C28: 0 | D28: =+#REF! -> #REF! | E28: =+#REF! -> #REF! | F28: =+#REF! -> #REF! | G28: =+#REF! -> #REF! | H28: =+#REF!+#REF!+#REF!+#REF! -> #REF!
A29: 0102 | B29: 10 | C29: 0 | D29: =+#REF! -> #REF! | E29: =+#REF! -> #REF! | F29: =+#REF! -> #REF! | G29: =+#REF! -> #REF! | H29: =+#REF!+#REF!+#REF!+#REF! -> #REF!
A30: 0102 | B30: 11 | C30: 0 | D30: =+#REF! -> #REF! | E30: =+#REF! -> #REF! | F30: =+#REF! -> #REF! | G30: =+#REF! -> #REF! | H30: =+#REF!+#REF!+#REF!+#REF! -> #REF!
A31: 0102 | B31: 12 | C31: 0 | D31: =+#REF! -> #REF! | E31: =+#REF! -> #REF! | F31: =+#REF! -> #REF! | G31: =+#REF! -> #REF! | H31: =+#REF!+#REF!+#REF!+#REF! -> #REF!
A32: 0102 | B32: 13 | C32: 0 | D32: =+#REF! -> #REF! | E32: =+#REF! -> #REF! | F32: =+#REF! -> #REF! | G32: =+#REF! -> #REF! | H32: =+#REF!+#REF!+#REF!+#REF! -> #REF!
A33: 0102 | B33: 14 | C33: 0 | D33: =+#REF! -> #REF! | E33: =+#REF! -> #REF! | F33: =+#REF! -> #REF! | G33: =+#REF! -> #REF! | H33: =+#REF!+#REF!+#REF!+#REF! -> #REF!
A34: 0102 | B34: 15 | C34: 0 | D34: =+#REF! -> #REF! | E34: =+#REF! -> #REF! | F34: =+#REF! -> #REF! | G34: =+#REF! -> #REF! | H34: =+#REF!+#REF!+#REF!+#REF! -> #REF!
A35: 0102 | B35: 16 | C35: 0 | D35: =+#REF! -> #REF! | E35: =+#REF! -> #REF! | F35: =+#REF! -> #REF! | G35: =+#REF! -> #REF! | H35: =+#REF!+#REF!+#REF!+#REF! -> #REF!
A36: 0102 | B36: 17 | C36: 0 | D36: =+#REF! -> #REF! | E36: =+#REF! -> #REF! | F36: =+#REF! -> #REF! | G36: =+#REF! -> #REF! | H36: =+#REF!+#REF!+#REF!+#REF! -> #REF!
A37: 0102 | B37: 18 | C37: 0 | D37: =+#REF! -> #REF! | E37: =+#REF! -> #REF! | F37: =+#REF! -> #REF! | G37: =+#REF! -> #REF! | H37: =+#REF!+#REF!+#REF!+#REF! -> #REF!
A38: 0103 | B38: 01 | C38: 0 | D38: =+#REF! -> #REF! | E38: =+#REF! -> #REF! | F38: =+#REF! -> #REF! | G38: =+#REF! -> #REF! | H38: =+#REF!+#REF!+#REF!+#REF! -> #REF!
A39: 0103 | B39: 02 | C39: 0 | D39: =+#REF! -> #REF! | E39: =+#REF! -> #REF! | F39: =+#REF! -> #REF! | G39: =+#REF! -> #REF! | H39: =+#REF!+#REF!+#REF!+#REF! -> #REF!
... A80: 0110 | B80: 07 | C80: 0 | D80: =+#REF! -> #REF! | E80: =+#REF! -> #REF! | F80: =+#REF! -> #REF! | G80: =+#REF! -> #REF! | H80: =+#REF!+#REF!+#REF!+#REF! -> #REF!
A81: 0110 | B81: 08 | C81: 1 | D81: =+#REF! -> #REF! | E81: =+#REF! -> #REF! | F81: =+#REF! -> #REF! | G81: =+#REF! -> #REF! | H81: =+#REF!+#REF!+#REF!+#REF! -> #REF!
A82: 0110 | B82: 09 | C82: 0 | D82: =+#REF! -> #REF! | E82: =+#REF! -> #REF! | F82: =+#REF! -> #REF! | G82: =+#REF! -> #REF! | H82: =+#REF!+#REF!+#REF!+#REF! -> #REF!
A83: 0110 | B83: 10 | C83: 0 | D83: =+#REF! -> #REF! | E83: =+#REF! -> #REF! | F83: =+#REF! -> #REF! | G83: =+#REF! -> #REF! | H83: =+#REF!+#REF!+#REF!+#REF! -> #REF!
A84: 0110 | B84: 11 | C84: 0 | D84: =+#REF! -> #REF! | E84: =+#REF! -> #REF! | F84: =+#REF! -> #REF! | G84: =+#REF! -> #REF! | H84: =+#REF!+#REF!+#REF!+#REF! -> #REF!
A85: 0110 | B85: 12 | C85: 0 | D85: =+#REF! -> #REF! | E85: =+#REF! -> #REF! | F85: =+#REF! -> #REF! | G85: =+#REF! -> #REF! | H85: =+#REF!+#REF!+#REF!+#REF! -> #REF!
A86: 0110 | B86: 13 | C86: 0 | D86: =+#REF! -> #REF! | E86: =+#REF! -> #REF! | F86: =+#REF! -> #REF! | G86: =+#REF! -> #REF! | H86: =+#REF!+#REF!+#REF!+#REF! -> #REF!
A87: 0110 | B87: 14 | C87: 0 | D87: =+#REF! -> #REF! | E87: =+#REF! -> #REF! | F87: =+#REF! -> #REF! | G87: =+#REF! -> #REF! | H87: =+#REF!+#REF!+#REF!+#REF! -> #REF!
A88: 0110 | B88: 15 | C88: 0 | D88: =+#REF! -> #REF! | E88: =+#REF! -> #REF! | F88: =+#REF! -> #REF! | G88: =+#REF! -> #REF! | H88: =+#REF!+#REF!+#REF!+#REF! -> #REF!
A89: 0110 | B89: 16 | C89: 0 | D89: =+#REF! -> #REF! | E89: =+#REF! -> #REF! | F89: =+#REF! -> #REF! | G89: =+#REF! -> #REF! | H89: =+#REF!+#REF!+#REF!+#REF! -> #REF!
A90: 0110 | B90: 17 | C90: 0 | D90: =+#REF! -> #REF! | E90: =+#REF! -> #REF! | F90: =+#REF! -> #REF! | G90: =+#REF! -> #REF! | H90: =+#REF!+#REF!+#REF!+#REF! -> #REF!
A91: 0110 | B91: 18 | D91: =+#REF! -> #REF! | E91: =+#REF! -> #REF! | F91: =+#REF! -> #REF! | G91: =+#REF! -> #REF! | H91: =+#REF!+#REF!+#REF!+#REF! -> #REF!
A92: 0114 | B92: 01 | C92: 0 | D92: =+#REF! -> #REF! | E92: =+#REF! -> #REF! | F92: =+#REF! -> #REF! | G92: =+#REF! -> #REF! | H92: =+#REF!+#REF!+#REF!+#REF! -> #REF!
A93: 0114 | B93: 02 | C93: 0 | D93: =+#REF! -> #REF! | E93: =+#REF! -> #REF! | F93: =+#REF! -> #REF! | G93: =+#REF! -> #REF! | H93: =+#REF!+#REF!+#REF!+#REF! -> #REF!
A94: 0114 | B94: 03 | C94: 0 | D94: =+#REF! -> #REF! | E94: =+#REF! -> #REF! | F94: =+#REF! -> #REF! | G94: =+#REF! -> #REF! | H94: =+#REF!+#REF!+#REF!+#REF! -> #REF!
A95: 0114 | B95: 04 | C95: 0 | D95: =+#REF! -> #REF! | E95: =+#REF! -> #REF! | F95: =+#REF! -> #REF! | G95: =+#REF! -> #REF! | H95: =+#REF!+#REF!+#REF!+#REF! -> #REF!
A96: 0114 | B96: 05 | C96: 0 | D96: =+#REF! -> #REF! | E96: =+#REF! -> #REF! | F96: =+#REF! -> #REF! | G96: =+#REF! -> #REF! | H96: =+#REF!+#REF!+#REF!+#REF! -> #REF!
A97: 0114 | B97: 06 | C97: 0 | D97: =+#REF! -> #REF! | E97: =+#REF! -> #REF! | F97: =+#REF! -> #REF! | G97: =+#REF! -> #REF! | H97: =+#REF!+#REF!+#REF!+#REF! -> #REF!
A98: 0114 | B98: 07 | C98: 0 | D98: =+#REF! -> #REF! | E98: =+#REF! -> #REF! | F98: =+#REF! -> #REF! | G98: =+#REF! -> #REF! | H98: =+#REF!+#REF!+#REF!+#REF! -> #REF!
A99: 0114 | B99: 08 | C99: 1 | D99: =+#REF! -> #REF! | E99: =+#REF! -> #REF! | F99: =+#REF! -> #REF! | G99: =+#REF! -> #REF! | H99: =+#REF!+#REF!+#REF!+#REF! -> #REF!
A100: 0114 | B100: 09 | C100: 0 | D100: =+#REF! -> #REF! | E100: =+#REF! -> #REF! | F100: =+#REF! -> #REF! | G100: =+#REF! -> #REF! | H100: =+#REF!+#REF!+#REF!+#REF! -> #REF!
A101: 0114 | B101: 10 | C101: 0 | D101: =+#REF! -> #REF! | E101: =+#REF! -> #REF! | F101: =+#REF! -> #REF! | G101: =+#REF! -> #REF! | H101: =+#REF!+#REF!+#REF!+#REF! -> #REF!
A102: 0114 | B102: 11 | C102: 0 | D102: =+#REF! -> #REF! | E102: =+#REF! -> #REF! | F102: =+#REF! -> #REF! | G102: =+#REF! -> #REF! | H102: =+#REF!+#REF!+#REF!+#REF! -> #REF!
A103: 0114 | B103: 12 | C103: 0 | D103: =+#REF! -> #REF! | E103: =+#REF! -> #REF! | F103: =+#REF! -> #REF! | G103: =+#REF! -> #REF! | H103: =+#REF!+#REF!+#REF!+#REF! -> #REF!
A104: 0114 | B104: 13 | C104: 0 | D104: =+#REF! -> #REF! | E104: =+#REF! -> #REF! | F104: =+#REF! -> #REF! | G104: =+#REF! -> #REF! | H104: =+#REF!+#REF!+#REF!+#REF! -> #REF!
A105: 0114 | B105: 14 | C105: 0 | D105: =+#REF! -> #REF! | E105: =+#REF! -> #REF! | F105: =+#REF! -> #REF! | G105: =+#REF! -> #REF! | H105: =+#REF!+#REF!+#REF!+#REF! -> #REF!
A106: 0114 | B106: 15 | C106: 0 | D106: =+#REF! -> #REF! | E106: =+#REF! -> #REF! | F106: =+#REF! -> #REF! | G106: =+#REF! -> #REF! | H106: =+#REF!+#REF!+#REF!+#REF! -> #REF!
A107: 0114 | B107: 16 | C107: 0 | D107: =+#REF! -> #REF! | E107: =+#REF! -> #REF! | F107: =+#REF! -> #REF! | G107: =+#REF! -> #REF! | H107: =+#REF!+#REF!+#REF!+#REF! -> #REF!
A108: 0114 | B108: 17 | C108: 0 | D108: =+#REF! -> #REF! | E108: =+#REF! -> #REF! | F108: =+#REF! -> #REF! | G108: =+#REF! -> #REF! | H108: =+#REF!+#REF!+#REF!+#REF! -> #REF!
A109: 0114 | B109: 18 | C109: 0 | D109: =+#REF! -> #REF! | E109: =+#REF! -> #REF! | F109: =+#REF! -> #REF! | G109: =+#REF! -> #REF! | H109: =+#REF!+#REF!+#REF!+#REF! -> #REF!
A110: 0115 | B110: 01 | C110: 0 | D110: =+#REF! -> #REF! | E110: =+#REF! -> #REF! | F110: =+#REF! -> #REF! | G110: =+#REF! -> #REF! | H110: =+#REF!+#REF!+#REF!+#REF! -> #REF!
A111: 0115 | B111: 02 | C111: 0 | D111: =+#REF! -> #REF! | E111: =+#REF! -> #REF! | F111: =+#REF! -> #REF! | G111: =+#REF! -> #REF! | H111: =+#REF!+#REF!+#REF!+#REF! -> #REF!
... A113: 0115 | B113: 04 | C113: 0 | D113: =+#REF! -> #REF! | E113: =+#REF! -> #REF! | F113: =+#REF! -> #REF! | G113: =+#REF! -> #REF! | H113: =+#REF!+#REF!+#REF!+#REF! -> #REF!
A114: 0115 | B114: 05 | C114: 1 | D114: =+#REF! -> #REF! | E114: =+#REF! -> #REF! | F114: =+#REF! -> #REF! | G114: =+#REF! -> #REF! | H114: =+#REF!+#REF!+#REF!+#REF! -> #REF!
A115: 0115 | B115: 06 | C115: 0 | D115: =+#REF! -> #REF! | E115: =+#REF! -> #REF! | F115: =+#REF! -> #REF! | G115: =+#REF! -> #REF! | H115: =+#REF!+#REF!+#REF!+#REF! -> #REF!
A116: 0115 | B116: 07 | C116: 0 | D116: =+#REF! -> #REF! | E116: =+#REF! -> #REF! | F116: =+#REF! -> #REF! | G116: =+#REF! -> #REF! | H116: =+#REF!+#REF!+#REF!+#REF! -> #REF!
A117: 0115 | B117: 08 | C117: 0 | D117: =+#REF! -> #REF! | E117: =+#REF! -> #REF! | F117: =+#REF! -> #REF! | G117: =+#REF! -> #REF! | H117: =+#REF!+#REF!+#REF!+#REF! -> #REF!
A118: 0115 | B118: 09 | C118: 0 | D118: =+#REF! -> #REF! | E118: =+#REF! -> #REF! | F118: =+#REF! -> #REF! | G118: =+#REF! -> #REF! | H118: =+#REF!+#REF!+#REF!+#REF! -> #REF!
A119: 0115 | B119: 10 | C119: 0 | D119: =+#REF! -> #REF! | E119: =+#REF! -> #REF! | F119: =+#REF! -> #REF! | G119: =+#REF! -> #REF! | H119: =+#REF!+#REF!+#REF!+#REF! -> #REF!
A120: 0115 | B120: 11 | C120: 0 | D120: =+#REF! -> #REF! | E120: =+#REF! -> #REF! | F120: =+#REF! -> #REF! | G120: =+#REF! -> #REF! | H120: =+#REF!+#REF!+#REF!+#REF! -> #REF!
A121: 0115 | B121: 12 | C121: 0 | D121: =+#REF! -> #REF! | E121: =+#REF! -> #REF! | F121: =+#REF! -> #REF! | G121: =+#REF! -> #REF! | H121: =+#REF!+#REF!+#REF!+#REF! -> #REF!
A122: 0115 | B122: 13 | C122: 0 | D122: =+#REF! -> #REF! | E122: =+#REF! -> #REF! | F122: =+#REF! -> #REF! | G122: =+#REF! -> #REF! | H122: =+#REF!+#REF!+#REF!+#REF! -> #REF!
A123: 0115 | B123: 14 | C123: 0 | D123: =+#REF! -> #REF! | E123: =+#REF! -> #REF! | F123: =+#REF! -> #REF! | G123: =+#REF! -> #REF! | H123: =+#REF!+#REF!+#REF!+#REF! -> #REF!
A124: 0115 | B124: 15 | C124: 0 | D124: =+#REF! -> #REF! | E124: =+#REF! -> #REF! | F124: =+#REF! -> #REF! | G124: =+#REF! -> #REF! | H124: =+#REF!+#REF!+#REF!+#REF! -> #REF!
A125: 0115 | B125: 16 | C125: 0 | D125: =+#REF! -> #REF! | E125: =+#REF! -> #REF! | F125: =+#REF! -> #REF! | G125: =+#REF! -> #REF! | H125: =+#REF!+#REF!+#REF!+#REF! -> #REF!
A126: 0115 | B126: 17 | C126: 0 | D126: =+#REF! -> #REF! | E126: =+#REF! -> #REF! | F126: =+#REF! -> #REF! | G126: =+#REF! -> #REF! | H126: =+#REF!+#REF!+#REF!+#REF! -> #REF!
... A134: 0120 | B134: 07 | C134: 0 | D134: =+#REF! -> #REF! | E134: =+#REF! -> #REF! | F134: =+#REF! -> #REF! | G134: =+#REF! -> #REF! | H134: =+#REF!+#REF!+#REF!+#REF! -> #REF!
A135: 0120 | B135: 08 | C135: 1 | D135: =+#REF! -> #REF! | E135: =+#REF! -> #REF! | F135: =+#REF! -> #REF! | G135: =+#REF! -> #REF! | H135: =+#REF!+#REF!+#REF!+#REF! -> #REF!
A136: 0120 | B136: 09 | C136: 0 | D136: =+#REF! -> #REF! | E136: =+#REF! -> #REF! | F136: =+#REF! -> #REF! | G136: =+#REF! -> #REF! | H136: =+#REF!+#REF!+#REF!+#REF! -> #REF!
A137: 0120 | B137: 10 | C137: 0 | D137: =+#REF! -> #REF! | E137: =+#REF! -> #REF! | F137: =+#REF! -> #REF! | G137: =+#REF! -> #REF! | H137: =+#REF!+#REF!+#REF!+#REF! -> #REF!
A138: 0120 | B138: 11 | C138: 0 | D138: =+#REF! -> #REF! | E138: =+#REF! -> #REF! | F138: =+#REF! -> #REF! | G138: =+#REF! -> #REF! | H138: =+#REF!+#REF!+#REF!+#REF! -> #REF!
A139: 0120 | B139: 12 | C139: 0 | D139: =+#REF! -> #REF! | E139: =+#REF! -> #REF! | F139: =+#REF! -> #REF! | G139: =+#REF! -> #REF! | H139: =+#REF!+#REF!+#REF!+#REF! -> #REF!
A140: 0120 | B140: 13 | C140: 0 | D140: =+#REF! -> #REF! | E140: =+#REF! -> #REF! | F140: =+#REF! -> #REF! | G140: =+#REF! -> #REF! | H140: =+#REF!+#REF!+#REF!+#REF! -> #REF!
A141: 0120 | B141: 14 | C141: 0 | D141: =+#REF! -> #REF! | E141: =+#REF! -> #REF! | F141: =+#REF! -> #REF! | G141: =+#REF! -> #REF! | H141: =+#REF!+#REF!+#REF!+#REF! -> #REF!
A142: 0120 | B142: 15 | C142: 0 | D142: =+#REF! -> #REF! | E142: =+#REF! -> #REF! | F142: =+#REF! -> #REF! | G142: =+#REF! -> #REF! | H142: =+#REF!+#REF!+#REF!+#REF! -> #REF!
A143: 0120 | B143: 16 | C143: 0 | D143: =+#REF! -> #REF! | E143: =+#REF! -> #REF! | F143: =+#REF! -> #REF! | G143: =+#REF! -> #REF! | H143: =+#REF!+#REF!+#REF!+#REF! -> #REF!
A144: 0120 | B144: 17 | C144: 0 | D144: =+#REF! -> #REF! | E144: =+#REF! -> #REF! | F144: =+#REF! -> #REF! | G144: =+#REF! -> #REF! | H144: =+#REF!+#REF!+#REF!+#REF! -> #REF!
A145: 0120 | B145: 18 | C145: 0 | D145: =+#REF! -> #REF! | E145: =+#REF! -> #REF! | F145: =+#REF! -> #REF! | G145: =+#REF! -> #REF! | H145: =+#REF!+#REF!+#REF!+#REF! -> #REF!
A146: 0122 | B146: 01 | C146: 0 | D146: =+#REF! -> #REF! | E146: =+#REF! -> #REF! | F146: =+#REF! -> #REF! | G146: =+#REF! -> #REF! | H146: =+#REF!+#REF!+#REF!+#REF! -> #REF!
A147: 0122 | B147: 02 | C147: 0 | D147: =+#REF! -> #REF! | E147: =+#REF! -> #REF! | F147: =+#REF! -> #REF! | G147: =+#REF! -> #REF! | H147: =+#REF!+#REF!+#REF!+#REF! -> #REF!
... A152: 0122 | B152: 07 | C152: 0 | D152: =+#REF! -> #REF! | E152: =+#REF! -> #REF! | F152: =+#REF! -> #REF! | G152: =+#REF! -> #REF! | H152: =+#REF!+#REF!+#REF!+#REF! -> #REF!
A153: 0122 | B153: 08 | C153: 1 | D153: =+#REF! -> #REF! | E153: =+#REF! -> #REF! | F153: =+#REF! -> #REF! | G153: =+#REF! -> #REF! | H153: =+#REF!+#REF!+#REF!+#REF! -> #REF!
A154: 0122 | B154: 09 | C154: 0 | D154: =+#REF! -> #REF! | E154: =+#REF! -> #REF! | F154: =+#REF! -> #REF! | G154: =+#REF! -> #REF! | H154: =+#REF!+#REF!+#REF!+#REF! -> #REF!
A155: 0122 | B155: 10 | C155: 0 | D155: =+#REF! -> #REF! | E155: =+#REF! -> #REF! | F155: =+#REF! -> #REF! | G155: =+#REF! -> #REF! | H155: =+#REF!+#REF!+#REF!+#REF! -> #REF!
A156: 0122 | B156: 11 | C156: 0 | D156: =+#REF! -> #REF! | E156: =+#REF! -> #REF! | F156: =+#REF! -> #REF! | G156: =+#REF! -> #REF! | H156: =+#REF!+#REF!+#REF!+#REF! -> #REF!
A157: 0122 | B157: 12 | C157: 0 | D157: =+#REF! -> #REF! | E157: =+#REF! -> #REF! | F157: =+#REF! -> #REF! | G157: =+#REF! -> #REF! | H157: =+#REF!+#REF!+#REF!+#REF! -> #REF!
...

Sheet Honduras en Cifras
A1: NUMERO DE OFICINAS POR DEPARTAMENTO
A2: SISTEMA DE BANCOS COMERCIALES
A4: DEPARTAMENTOS | B4: 2008 | C4: 2009 | D4: 2010 | E4: 2011 | F4: 2012 | G4: 2013 | H4: 2019
A5: Atlántida | B5: 121 | C5: 119 | D5: 122 | E5: 136 | F5: 130 | G5: 139 | H5: =+H34 -> #REF!
A6: Colón | B6: 46 | C6: 45 | D6: 46 | E6: 62 | F6: 59 | G6: 62 | H6: =+H35 -> #REF!
A7: Comayagua | B7: 81 | C7: 95 | D7: 90 | E7: 109 | F7: 101 | G7: 111 | H7: =+H36 -> #REF!
A8: Copán | B8: 58 | C8: 63 | D8: 63 | E8: 77 | F8: 79 | G8: 78 | H8: =+H37 -> #REF!
A9: Cortés | B9: 545 | C9: 588 | D9: 546 | E9: 725 | F9: 716 | G9: 739 | H9: =H38 -> #REF!
A10: Choluteca | B10: 51 | C10: 56 | D10: 53 | E10: 74 | F10: 68 | G10: 76 | H10: =+H39 -> #REF!
A11: El Paraíso | B11: 34 | C11: 36 | D11: 39 | E11: 55 | F11: 55 | G11: 57 | H11: =+H40 -> #REF!
A12: Francisco Morazán | B12: 539 | C12: 594 | D12: 577 | E12: 593 | F12: 604 | G12: 613 | H12: =H41 -> #REF!
A13: Gracias a Dios | B13: 2 | C13: 2 | D13: 2 | E13: 2 | F13: 2 | G13: 2 | H13: =+H42 -> #REF!
A14: Intibucá | B14: 12 | C14: 14 | D14: 16 | E14: 19 | F14: 18 | G14: 19 | H14: =+H43 -> #REF!
A15: Islas de la Bahía | B15: 27 | C15: 27 | D15: 31 | E15: 39 | F15: 46 | G15: 44 | H15: =+H44 -> #REF!
A16: La Paz | B16: 12 | C16: 13 | D16: 14 | E16: 16 | F16: 15 | G16: 16 | H16: =+H45 -> #REF!
A17: Lempira | B17: 9 | C17: 9 | D17: 9 | E17: 11 | F17: 11 | G17: 11 | H17: =+H46 -> #REF!
A18: Ocotepeque | B18: 20 | C18: 20 | D18: 22 | E18: 26 | F18: 22 | G18: 26 | H18: =+H47 -> #REF!
A19: Olancho | B19: 49 | C19: 56 | D19: 61 | E19: 61 | F19: 63 | G19: 62 | H19: =+H48 -> #REF!
A20: Santa Bárbara | B20: 34 | C20: 32 | D20: 34 | E20: 48 | F20: 43 | G20: 49 | H20: =+H49 -> #REF!
A21: Valle | B21: 26 | C21: 26 | D21: 26 | E21: 29 | F21: 27 | G21: 29 | H21: =+H50 -> #REF!
A22: Yoro | B22: 87 | C22: 87 | D22: 85 | E22: 97 | F22: 92 | G22: 99 | H22: =+H51 -> #REF!
A24: TOTAL | B24: 1753 | C24: 1882 | D24: 1836 | E24: =SUM(E5:E22) -> 2179 | F24: 2151 | G24: 2232 | H24: =SUM(H5:H22) -> #REF! | I24: =+#REF! -> #REF! | J24: =+H24-I24 -> #REF! | K24: =+I24+J24 -> #REF!
I25: =+REPORTE!J22 -> 7641 | J25: =+I25-H24 -> #REF!
A26: SISTEMA DE BANCOS COMERCIALES
A27: NUMERO DE OFICINAS POR DEPARTAMENTO
A28: =+CONSOLIDADO!A3 -> Al 30 de Junio de 2020
A30: Departamentos | B30: Número de | C30: Número | D30: Número | E30: Ventanillas | F30: ATM's | G30: Otras Oficinas 2/ | H30: Número | I30: Número de
B31: Oficinas | C31: de | D31: de | E31: de | H31: Total de | I31: Funcionarios
B32: Principales | C32: Sucursales1/ | D32: Agencias | E32: Servicio | H32: Oficinas | I32: y Empleados
A34: Atlántida | B34: 0 | C34: =+#REF! -> #REF! | D34: =+#REF! -> #REF! | E34: =+#REF! -> #REF! | F34: =+#REF! -> #REF! | G34: =+#REF! -> #REF! | H34: =+B34+C34+D34+E34+F34+G34 -> #REF! | I34: =+#REF!+#REF!+#REF!+#REF! -> #REF!
A35: Colón | B35: 0 | C35: =+#REF! -> #REF! | D35: =+#REF! -> #REF! | E35: =+#REF! -> #REF! | F35: =+#REF! -> #REF! | G35: =+#REF! -> #REF! | H35: =+B35+C35+D35+E35+F35+G35 -> #REF! | I35: =+#REF!+#REF!+#REF!+#REF! -> #REF!
A36: Comayagua | B36: 0 | C36: =+#REF! -> #REF! | D36: =+#REF! -> #REF! | E36: =+#REF! -> #REF! | F36: =+#REF! -> #REF! | G36: =+#REF! -> #REF! | H36: =+B36+C36+D36+E36+F36+G36 -> #REF! | I36: =+#REF!+#REF!+#REF!+#REF! -> #REF!
A37: Copán | B37: 1 | C37: =+#REF! -> #REF! | D37: =+#REF! -> #REF! | E37: =+#REF! -> #REF! | F37: =+#REF! -> #REF! | G37: =+#REF! -> #REF! | H37: =+B37+C37+D37+E37+F37+G37 -> #REF! | I37: =+#REF!+#REF!+#REF!+#REF! -> #REF!
A38: Cortés | B38: 1 | C38: =+#REF! -> #REF! | D38: =+#REF! -> #REF! | E38: =+#REF! -> #REF! | F38: =+#REF! -> #REF! | G38: =+#REF! -> #REF! | H38: =+B38+C38+D38+E38+F38+G38 -> #REF! | I38: =+#REF!+#REF!+#REF!+#REF! -> #REF!
A39: Choluteca | B39: 0 | C39: =+#REF! -> #REF! | D39: =+#REF! -> #REF! | E39: =+#REF! -> #REF! | F39: =+#REF! -> #REF! | G39: =+#REF! -> #REF! | H39: =+B39+C39+D39+E39+F39+G39 -> #REF! | I39: =+#REF!+#REF!+#REF!+#REF! -> #REF!
A40: El Paraíso | B40: 0 | C40: =+#REF! -> #REF! | D40: =+#REF! -> #REF! | E40: =+#REF! -> #REF! | F40: =+#REF! -> #REF! | G40: =+#REF! -> #REF! | H40: =+B40+C40+D40+E40+F40+G40 -> #REF! | I40: =+#REF!+#REF!+#REF!+#REF! -> #REF!
A41: Francisco Morazán | B41: 13 | C41: =+#REF! -> #REF! | D41: =+#REF! -> #REF! | E41: =+#REF! -> #REF! | F41: =+#REF! -> #REF! | G41: =+#REF! -> #REF! | H41: =+B41+C41+D41+E41+F41+G41 -> #REF! | I41: =+#REF!+#REF!+#REF!+#REF! -> #REF!
A42: Gracias a Dios | B42: 0 | C42: =+#REF! -> #REF! | D42: =+#REF! -> #REF! | E42: =+#REF! -> #REF! | F42: =+#REF! -> #REF! | G42: =+#REF! -> #REF! | H42: =+B42+C42+D42+E42+F42+G42 -> #REF! | I42: =+#REF!+#REF!+#REF!+#REF! -> #REF!
A43: Intibucá | B43: 0 | C43: =+#REF! -> #REF! | D43: =+#REF! -> #REF! | E43: =+#REF! -> #REF! | F43: =+#REF! -> #REF! | G43: =+#REF! -> #REF! | H43: =+B43+C43+D43+E43+F43+G43 -> #REF! | I43: =+#REF!+#REF!+#REF!+#REF! -> #REF!
A44: Islas de la Bahía | B44: 0 | C44: =+#REF! -> #REF! | D44: =+#REF! -> #REF! | E44: =+#REF! -> #REF! | F44: =+#REF! -> #REF! | G44: =+#REF! -> #REF! | H44: =+B44+C44+D44+E44+F44+G44 -> #REF! | I44: =+#REF!+#REF!+#REF!+#REF! -> #REF!
A45: La Paz | B45: 0 | C45: =+#REF! -> #REF! | D45: =+#REF! -> #REF! | E45: =+#REF! -> #REF! | F45: =+#REF! -> #REF! | G45: =+#REF! -> #REF! | H45: =+B45+C45+D45+E45+F45+G45 -> #REF! | I45: =+#REF!+#REF!+#REF!+#REF! -> #REF!
... A51: Yoro | B51: 0 | C51: =+#REF! -> #REF! | D51: =+#REF! -> #REF! | E51: =+#REF! -> #REF! | F51: =+#REF! -> #REF! | G51: =+#REF! -> #REF! | H51: =+B51+C51+D51+E51+F51+G51 -> #REF! | I51: =+#REF!+#REF!+#REF!+#REF! -> #REF!
A53: TOTALES | B53: =SUM(B34:B51) -> 15 | C53: =SUM(C34:C51) -> #REF! | D53: =SUM(D34:D51) -> #REF! | E53: =SUM(E34:E51) -> #REF! | F53: =SUM(F34:F51) -> #REF! | G53: =SUM(G34:G51) -> #REF! | H53: =+B53+C53+D53+E53+F53+G53 -> #REF! | I53: =SUM(I34:I51) -> #REF!
A54: 1/ Considerar como "Sucursal" a la oficina que lleve, por separado de la oficina principal, los registros contables y/o centralice las operaciones de una determinada región del país.
A55: 2/ En "Otras Oficinas" puede incluir, según corresponda a su Institución: Autobancos, cajeros automáticos, corredurias, puestos de bolsa, bodegas habilitadas y otras oficinas de atención al público.
A57: SISTEMA DE BANCOS ESTATALES
A58: NUMERO DE OFICINAS POR DEPARTAMENTO
A59: =+A28 -> Al 30 de Junio de 2020
B61: Número de | C61: Número | D61: Número | E61: Ventanillas | F61: Otras | G61: Número | H61: Número de
B62: Oficinas | C62: de | D62: de | E62: de | F62: Oficinas | G62: Total de | H62: Funcionarios
A63: Departamentos | B63: Principales | C63: Sucursales 1/ | D63: Agencias | E63: Servicio | F63: 2/ | G63: Oficinas | H63: y Empleados
A65: Francisco Morazán | B65: 2 | C65: =+#REF! -> #REF! | D65: =+#REF! -> #REF! | E65: =+#REF! -> #REF! | F65: =+#REF! -> #REF! | G65: =+B65+C65+D65+E65+F65 -> #REF! | H65: =+#REF!+#REF!+#REF!+#REF! -> #REF!
A66: Cortés | B66: 0 | C66: =+#REF! -> #REF! | D66: =+#REF! -> #REF! | E66: =+#REF! -> #REF! | F66: =+#REF! -> #REF! | G66: =+B66+C66+D66+E66+F66 -> #REF! | H66: =+#REF!+#REF!+#REF!+#REF! -> #REF!
A67: Atlántida | B67: 0 | C67: =+#REF! -> #REF! | D67: =+#REF! -> #REF! | E67: =+#REF! -> #REF! | F67: =+#REF! -> #REF! | G67: =+B67+C67+D67+E67+F67 -> #REF! | H67: =+#REF!+#REF!+#REF!+#REF! -> #REF!
A68: Choluteca | B68: 0 | C68: =+#REF! -> #REF! | D68: =+#REF! -> #REF! | E68: =+#REF! -> #REF! | F68: =+#REF! -> #REF! | G68: =+B68+C68+D68+E68+F68 -> #REF! | H68: =+#REF!+#REF!+#REF!+#REF! -> #REF!
A69: Copán | B69: 0 | C69: =+#REF! -> #REF! | D69: =+#REF! -> #REF! | E69: =+#REF! -> #REF! | F69: =+#REF! -> #REF! | G69: =+B69+C69+D69+E69+F69 -> #REF! | H69: =+#REF!+#REF!+#REF!+#REF! -> #REF!
A70: Olancho | B70: 0 | C70: =+#REF! -> #REF! | D70: =+#REF! -> #REF! | E70: =+#REF! -> #REF! | F70: =+#REF! -> #REF! | G70: =+B70+C70+D70+E70+F70 -> #REF! | H70: =+#REF!+#REF!+#REF!+#REF! -> #REF!
A71: El Paraíso | B71: 0 | C71: =+#REF! -> #REF! | D71: =+#REF! -> #REF! | E71: =+#REF! -> #REF! | F71: =+#REF! -> #REF! | G71: =+B71+C71+D71+E71+F71 -> #REF! | H71: =+#REF!+#REF!+#REF!+#REF! -> #REF!
A72: Santa Bárbara | B72: 0 | C72: =+#REF! -> #REF! | D72: =+#REF! -> #REF! | E72: =+#REF! -> #REF! | F72: =+#REF! -> #REF! | G72: =+B72+C72+D72+E72+F72 -> #REF! | H72: =+#REF!+#REF!+#REF!+#REF! -> #REF!
A73: Comayagüa | B73: 0 | C73: =+#REF! -> #REF! | D73: =+#REF! -> #REF! | E73: =+#REF! -> #REF! | F73: =+#REF! -> #REF! | G73: =+B73+C73+D73+E73+F73 -> #REF! | H73: =+#REF!+#REF!+#REF!+#REF! -> #REF!
A74: Islas de la Bahía | B74: 0 | C74: =+#REF! -> #REF! | D74: =+#REF! -> #REF! | E74: =+#REF! -> #REF! | F74: =+#REF! -> #REF! | G74: =+B74+C74+D74+E74+F74 -> #REF! | H74: =+#REF!+#REF!+#REF!+#REF! -> #REF!
A75: Ocotepeque | B75: 0 | C75: =+#REF! -> #REF! | D75: =+#REF! -> #REF! | E75: =+#REF! -> #REF! | F75: =+#REF! -> #REF! | G75: =+B75+C75+D75+E75+F75 -> #REF! | H75: =+#REF!+#REF!+#REF!+#REF! -> #REF!
A76: Lempira | B76: 0 | C76: =+#REF! -> #REF! | D76: =+#REF! -> #REF! | E76: =+#REF! -> #REF! | F76: =+#REF! -> #REF! | G76: =+B76+C76+D76+E76+F76 -> #REF! | H76: =+#REF!+#REF!+#REF!+#REF! -> #REF!
... A82: Intibuca | B82: 0 | C82: =+#REF! -> #REF! | D82: =+#REF! -> #REF! | E82: =+#REF! -> #REF! | F82: =+#REF! -> #REF! | G82: =+B82+C82+D82+E82+F82 -> #REF! | H82: =+#REF!+#REF!+#REF!+#REF! -> #REF!
A84: TOTALES | B84: =SUM(B65:B82) -> 2 | C84: =SUM(C65:C82) -> #REF! | D84: =SUM(D65:D82) -> #REF! | E84: =SUM(E65:E82) -> #REF! | F84: =SUM(F65:F82) -> #REF! | G84: =SUM(B84:F84) -> #REF! | H84: =SUM(H65:H82) -> #REF!
A85: 1/ Considerar como "Sucursal" a la oficina que lleve, por separado de la oficina principal, los registros contables y/o centralice las operaciones de una determinada región del país.
A86: 2/ En "Otras Oficinas" puede incluir, según corresponda a su Institución: Autobancos, cajeros automáticos, corredurias, puestos de bolsa, bodegas habilitadas y otras oficinas de atención al
A87: público.
A88: SISTEMA DE ASOCIACIONES DE AHORRO Y PRESTAMO
A89: NUMERO DE OFICINAS POR DEPARTAMENTO
A90: =+A28 -> Al 30 de Junio de 2020
B92: Número de | C92: Número | D92: Número | E92: Ventanillas | F92: Otras | G92: Número | H92: Número de
B93: Oficinas | C93: de | D93: de | E93: de | F93: Oficinas | G93: Total de | H93: Funcionarios
A94: Departamentos | B94: Principales | C94: Sucursales 1/ | D94: Agencias | E94: Servicio | F94: 2/ | G94: Oficinas | H94: y Empleados
A96: Francisco Morazán | B96: 0 | C96: =+#REF! -> #REF! | D96: =+#REF! -> #REF! | E96: =+#REF! -> #REF! | F96: =+#REF! -> #REF! | G96: =+B96+C96+D96+E96+F96 -> #REF! | H96: =+#REF! -> #REF!
A97: Cortés | C97: =+#REF! -> #REF! | D97: =+#REF! -> #REF! | E97: =+#REF! -> #REF! | F97: =+#REF! -> #REF! | G97: =+B97+C97+D97+E97+F97 -> #REF! | H97: =+#REF! -> #REF!
A98: Atlántida | B98: 0 | C98: =+#REF! -> #REF! | D98: =+#REF! -> #REF! | E98: =+#REF! -> #REF! | F98: =+#REF! -> #REF! | G98: =+B98+C98+D98+E98+F98 -> #REF! | H98: =+#REF! -> #REF!
A99: Choluteca | B99: 0 | C99: =+#REF! -> #REF! | D99: =+#REF! -> #REF! | E99: =+#REF! -> #REF! | F99: =+#REF! -> #REF! | G99: =+B99+C99+D99+E99+F99 -> #REF! | H99: =+#REF! -> #REF!
A100: Copán | B100: 0 | C100: =+#REF! -> #REF! | D100: =+#REF! -> #REF! | E100: =+#REF! -> #REF! | F100: =+#REF! -> #REF! | G100: =+B100+C100+D100+E100+F100 -> #REF! | H100: =+#REF! -> #REF!
A101: Olancho | B101: 0 | C101: =+#REF! -> #REF! | D101: =+#REF! -> #REF! | E101: =+#REF! -> #REF! | F101: =+#REF! -> #REF! | G101: =+B101+C101+D101+E101+F101 -> #REF! | H101: =+#REF! -> #REF!
A102: El Paraíso | B102: 0 | C102: =+#REF! -> #REF! | D102: =+#REF! -> #REF! | E102: =+#REF! -> #REF! | F102: =+#REF! -> #REF! | G102: =+B102+C102+D102+E102+F102 -> #REF! | H102: =+#REF! -> #REF!
A103: Santa Bárbara | B103: 0 | C103: =+#REF! -> #REF! | D103: =+#REF! -> #REF! | E103: =+#REF! -> #REF! | F103: =+#REF! -> #REF! | G103: =+B103+C103+D103+E103+F103 -> #REF! | H103: =+#REF! -> #REF!
A104: Comayagüa | B104: 0 | C104: =+#REF! -> #REF! | D104: =+#REF! -> #REF! | E104: =+#REF! -> #REF! | F104: =+#REF! -> #REF! | G104: =+B104+C104+D104+E104+F104 -> #REF! | H104: =+#REF! -> #REF!
A105: Islas de la Bahía | B105: 0 | C105: =+#REF! -> #REF! | D105: =+#REF! -> #REF! | E105: =+#REF! -> #REF! | F105: =+#REF! -> #REF! | G105: =+B105+C105+D105+E105+F105 -> #REF! | H105: =+#REF! -> #REF!
A106: Ocotepeque | B106: 0 | C106: =+#REF! -> #REF! | D106: =+#REF! -> #REF! | E106: =+#REF! -> #REF! | F106: =+#REF! -> #REF! | G106: =+B106+C106+D106+E106+F106 -> #REF! | H106: =+#REF! -> #REF!
A107: Lempira | B107: 0 | C107: =+#REF! -> #REF! | D107: =+#REF! -> #REF! | E107: =+#REF! -> #REF! | F107: =+#REF! -> #REF! | G107: =+B107+C107+D107+E107+F107 -> #REF! | H107: =+#REF! -> #REF!
A108: Yoro | B108: 0 | C108: =+#REF! -> #REF! | D108: =+#REF! -> #REF! | E108: =+#REF! -> #REF! | F108: =+#REF! -> #REF! | G108: =+B108+C108+D108+E108+F108 -> #REF! | H108: =+#REF! -> #REF!
A109: Valle | B109: 0 | C109: =+#REF! -> #REF! | D109: =+#REF! -> #REF! | E109: =+#REF! -> #REF! | F109: =+#REF! -> #REF! | G109: =+B109+C109+D109+E109+F109 -> #REF! | H109: =+#REF! -> #REF!
... A113: Intibuca | B113: 0 | C113: =+#REF! -> #REF! | D113: =+#REF! -> #REF! | E113: =+#REF! -> #REF! | F113: =+#REF! -> #REF! | G113: =+B113+C113+D113+E113+F113 -> #REF! | H113: =+#REF! -> #REF!
A115: TOTALES | B115: =SUM(B96:B113) -> 0 | C115: =SUM(C96:C113) -> #REF! | D115: =SUM(D96:D113) -> #REF! | E115: =SUM(E96:E113) -> #REF! | F115: =SUM(F96:F113) -> #REF! | G115: =SUM(B115:F115) -> #REF! | H115: =SUM(H96:H113) -> #REF!
A116: 1/ Considerar como "Sucursal" a la oficina que lleve, por separado de la oficina principal, los registros contables y/o centralice las operaciones de una determinada región del país.
A117: 2/ En "Otras Oficinas" puede incluir, según corresponda a su Institución: Autobancos, cajeros automáticos, corredurias, puestos de bolsa, bodegas habilitadas y otras oficinas de atención al
A118: público.
A119: INSTITUCIONES DE SEGUROS
A120: NUMERO DE OFICINAS POR DEPARTAMENTO
A121: =+A28 -> Al 30 de Junio de 2020
B123: Número de | C123: Número | D123: Número | E123: Ventanillas | F123: Otras | G123: Número | H123: Número de
B124: Oficinas | C124: de | D124: de | E124: de | F124: Oficinas | G124: Total de | H124: Funcionarios
A125: Departamentos | B125: Principales | C125: Sucursales 1/ | D125: Agencias | E125: Servicio | F125: 2/ | G125: Oficinas | H125: y Empleados
A127: Francisco Morazán | B127: 9 | C127: =+#REF! -> #REF! | D127: =+#REF! -> #REF! | E127: =+#REF! -> #REF! | F127: =+#REF! -> #REF! | G127: =+B127+C127+D127+E127+F127 -> #REF! | H127: =+#REF! -> #REF!
...

Sheet INDIVIDUAL
A1: SISTEMA DE BANCOS COMERCIALES
A2: NUMERO DE OFICINAS POR DEPARTAMENTO
A3: =+CONSOLIDADO!A3 -> Al 30 de Junio de 2020
B5: Número de | C5: Número | D5: Número | E5: Ventanillas | F5: Otras | G5: Número | H5: Número de
B6: Oficinas | C6: de | D6: de | E6: de | F6: Oficinas | G6: Total de | H6: Funcionarios
A7: Departamentos | B7: Principales | C7: Sucursales 1/ | D7: Agencias | E7: Servicio | F7: 2/ | G7: Oficinas | H7: y Empleados
A9: Francisco Morazán | B9: 13 | C9: =+#REF! -> #REF! | D9: =+#REF! -> #REF! | E9: =+#REF! -> #REF! | F9: =+#REF! -> #REF! | G9: =+B9+C9+D9+E9+F9 -> #REF! | H9: =+#REF!+#REF!+#REF!+#REF! -> #REF!
A10: Cortés | B10: 3 | C10: =+#REF! -> #REF! | D10: =+#REF! -> #REF! | E10: =+#REF! -> #REF! | F10: =+#REF! -> #REF! | G10: =+B10+C10+D10+E10+F10 -> #REF! | H10: =+#REF!+#REF!+#REF!+#REF! -> #REF!
A11: Atlántida | B11: 0 | C11: =+#REF! -> #REF! | D11: =+#REF! -> #REF! | E11: =+#REF! -> #REF! | F11: =+#REF! -> #REF! | G11: =+B11+C11+D11+E11+F11 -> #REF! | H11: =+#REF!+#REF!+#REF!+#REF! -> #REF!
A12: Choluteca | B12: 0 | C12: =+#REF! -> #REF! | D12: =+#REF! -> #REF! | E12: =+#REF! -> #REF! | F12: =+#REF! -> #REF! | G12: =+B12+C12+D12+E12+F12 -> #REF! | H12: =+#REF!+#REF!+#REF!+#REF! -> #REF!
A13: Copán | B13: 1 | C13: =+#REF! -> #REF! | D13: =+#REF! -> #REF! | E13: =+#REF! -> #REF! | F13: =+#REF! -> #REF! | G13: =+B13+C13+D13+E13+F13 -> #REF! | H13: =+#REF!+#REF!+#REF!+#REF! -> #REF!
A14: Olancho | B14: 0 | C14: =+#REF! -> #REF! | D14: =+#REF! -> #REF! | E14: =+#REF! -> #REF! | F14: =+#REF! -> #REF! | G14: =+B14+C14+D14+E14+F14 -> #REF! | H14: =+#REF!+#REF!+#REF!+#REF! -> #REF!
A15: El Paraíso | B15: 0 | C15: =+#REF! -> #REF! | D15: =+#REF! -> #REF! | E15: =+#REF! -> #REF! | F15: =+#REF! -> #REF! | G15: =+B15+C15+D15+E15+F15 -> #REF! | H15: =+#REF!+#REF!+#REF!+#REF! -> #REF!
A16: Santa Bárbara | B16: 0 | C16: =+#REF! -> #REF! | D16: =+#REF! -> #REF! | E16: =+#REF! -> #REF! | F16: =+#REF! -> #REF! | G16: =+B16+C16+D16+E16+F16 -> #REF! | H16: =+#REF!+#REF!+#REF!+#REF! -> #REF!
A17: Comayagüa | B17: 0 | C17: =+#REF! -> #REF! | D17: =+#REF! -> #REF! | E17: =+#REF! -> #REF! | F17: =+#REF! -> #REF! | G17: =+B17+C17+D17+E17+F17 -> #REF! | H17: =+#REF!+#REF!+#REF!+#REF! -> #REF!
A18: Islas de la Bahía | B18: 0 | C18: =+#REF! -> #REF! | D18: =+#REF! -> #REF! | E18: =+#REF! -> #REF! | F18: =+#REF! -> #REF! | G18: =+B18+C18+D18+E18+F18 -> #REF! | H18: =+#REF!+#REF!+#REF!+#REF! -> #REF!
A19: Ocotepeque | B19: 0 | C19: =+#REF! -> #REF! | D19: =+#REF! -> #REF! | E19: =+#REF! -> #REF! | F19: =+#REF! -> #REF! | G19: =+B19+C19+D19+E19+F19 -> #REF! | H19: =+#REF!+#REF!+#REF!+#REF! -> #REF!
A20: Lempira | B20: 0 | C20: =+#REF! -> #REF! | D20: =+#REF! -> #REF! | E20: =+#REF! -> #REF! | F20: =+#REF! -> #REF! | G20: =+B20+C20+D20+E20+F20 -> #REF! | H20: =+#REF!+#REF!+#REF!+#REF! -> #REF!
... A26: Intibuca | B26: 0 | C26: =+#REF! -> #REF! | D26: =+#REF! -> #REF! | E26: =+#REF! -> #REF! | F26: =+#REF! -> #REF! | G26: =+B26+C26+D26+E26+F26 -> #REF! | H26: =+#REF!+#REF!+#REF!+#REF! -> #REF!
A28: TOTALES | B28: =SUM(B9:B26) -> 17 | C28: =SUM(C9:C26) -> #REF! | D28: =SUM(D9:D26) -> #REF! | E28: =SUM(E9:E26) -> #REF! | F28: =SUM(F9:F26) -> #REF! | G28: =+B28+C28+D28+E28+F28 -> #REF! | H28: =SUM(H9:H26) -> #REF!
A29: 1/ Considerar como "Sucursal" a la oficina que lleve, por separado de la oficina principal, los registros contables y/o centralice las operaciones de una determinada región del país.
A30: 2/ En "Otras Oficinas" puede incluir, según corresponda a su Institución: Autobancos, cajeros automáticos, corredurias, puestos de bolsa, bodegas habilitadas y otras oficinas de atención al
A31: público.
A32: SISTEMA DE BANCOS ESTATALES
A33: NUMERO DE OFICINAS POR DEPARTAMENTO
A34: =+A3 -> Al 30 de Junio de 2020
B36: Número de | C36: Número | D36: Número | E36: Ventanillas | F36: Otras | G36: Número | H36: Número de
B37: Oficinas | C37: de | D37: de | E37: de | F37: Oficinas | G37: Total de | H37: Funcionarios
A38: Departamentos | B38: Principales | C38: Sucursales 1/ | D38: Agencias | E38: Servicio | F38: 2/ | G38: Oficinas | H38: y Empleados
A40: Francisco Morazán | B40: 2 | C40: =+#REF! -> #REF! | D40: =+#REF! -> #REF! | E40: =+#REF! -> #REF! | F40: =+#REF! -> #REF! | G40: =+B40+C40+D40+E40+F40 -> #REF! | H40: =+#REF!+#REF!+#REF!+#REF! -> #REF!
A41: Cortés | B41: 0 | C41: =+#REF! -> #REF! | D41: =+#REF! -> #REF! | E41: =+#REF! -> #REF! | F41: =+#REF! -> #REF! | G41: =+B41+C41+D41+E41+F41 -> #REF! | H41: =+#REF!+#REF!+#REF!+#REF! -> #REF!
A42: Atlántida | B42: 0 | C42: =+#REF! -> #REF! | D42: =+#REF! -> #REF! | E42: =+#REF! -> #REF! | F42: =+#REF! -> #REF! | G42: =+B42+C42+D42+E42+F42 -> #REF! | H42: =+#REF!+#REF!+#REF!+#REF! -> #REF!
A43: Choluteca | B43: 0 | C43: =+#REF! -> #REF! | D43: =+#REF! -> #REF! | E43: =+#REF! -> #REF! | F43: =+#REF! -> #REF! | G43: =+B43+C43+D43+E43+F43 -> #REF! | H43: =+#REF!+#REF!+#REF!+#REF! -> #REF!
A44: Copán | B44: 0 | C44: =+#REF! -> #REF! | D44: =+#REF! -> #REF! | E44: =+#REF! -> #REF! | F44: =+#REF! -> #REF! | G44: =+B44+C44+D44+E44+F44 -> #REF! | H44: =+#REF!+#REF!+#REF!+#REF! -> #REF!
A45: Olancho | B45: 0 | C45: =+#REF! -> #REF! | D45: =+#REF! -> #REF! | E45: =+#REF! -> #REF! | F45: =+#REF! -> #REF! | G45: =+B45+C45+D45+E45+F45 -> #REF! | H45: =+#REF!+#REF!+#REF!+#REF! -> #REF!
A46: El Paraíso | B46: 0 | C46: =+#REF! -> #REF! | D46: =+#REF! -> #REF! | E46: =+#REF! -> #REF! | F46: =+#REF! -> #REF! | G46: =+B46+C46+D46+E46+F46 -> #REF! | H46: =+#REF!+#REF!+#REF!+#REF! -> #REF!
A47: Santa Bárbara | B47: 0 | C47: =+#REF! -> #REF! | D47: =+#REF! -> #REF! | E47: =+#REF! -> #REF! | F47: =+#REF! -> #REF! | G47: =+B47+C47+D47+E47+F47 -> #REF! | H47: =+#REF!+#REF!+#REF!+#REF! -> #REF!
A48: Comayagüa | B48: 0 | C48: =+#REF! -> #REF! | D48: =+#REF! -> #REF! | E48: =+#REF! -> #REF! | F48: =+#REF! -> #REF! | G48: =+B48+C48+D48+E48+F48 -> #REF! | H48: =+#REF!+#REF!+#REF!+#REF! -> #REF!
A49: Islas de la Bahía | B49: 0 | C49: =+#REF! -> #REF! | D49: =+#REF! -> #REF! | E49: =+#REF! -> #REF! | F49: =+#REF! -> #REF! | G49: =+B49+C49+D49+E49+F49 -> #REF! | H49: =+#REF!+#REF!+#REF!+#REF! -> #REF!
A50: Ocotepeque | B50: 0 | C50: =+#REF! -> #REF! | D50: =+#REF! -> #REF! | E50: =+#REF! -> #REF! | F50: =+#REF! -> #REF! | G50: =+B50+C50+D50+E50+F50 -> #REF! | H50: =+#REF!+#REF!+#REF!+#REF! -> #REF!
A51: Lempira | B51: 0 | C51: =+#REF! -> #REF! | D51: =+#REF! -> #REF! | E51: =+#REF! -> #REF! | F51: =+#REF! -> #REF! | G51: =+B51+C51+D51+E51+F51 -> #REF! | H51: =+#REF!+#REF!+#REF!+#REF! -> #REF!
... A57: Intibuca | B57: 0 | C57: =+#REF! -> #REF! | D57: =+#REF! -> #REF! | E57: =+#REF! -> #REF! | F57: =+#REF! -> #REF! | G57: =+B57+C57+D57+E57+F57 -> #REF! | H57: =+#REF!+#REF!+#REF!+#REF! -> #REF!
A59: TOTALES | B59: =SUM(B40:B57) -> 2 | C59: =SUM(C40:C57) -> #REF! | D59: =SUM(D40:D57) -> #REF! | E59: =SUM(E40:E57) -> #REF! | F59: =SUM(F40:F57) -> #REF! | G59: =SUM(B59:F59) -> #REF! | H59: =SUM(H40:H57) -> #REF!
A60: 1/ Considerar como "Sucursal" a la oficina que lleve, por separado de la oficina principal, los registros contables y/o centralice las operaciones de una determinada región del país.
A61: 2/ En "Otras Oficinas" puede incluir, según corresponda a su Institución: Autobancos, cajeros automáticos, corredurias, puestos de bolsa, bodegas habilitadas y otras oficinas de atención al
A62: público.
A63: SISTEMA DE ASOCIACIONES DE AHORRO Y PRESTAMO
A64: NUMERO DE OFICINAS POR DEPARTAMENTO
A65: =+A3 -> Al 30 de Junio de 2020
B67: Número de | C67: Número | D67: Número | E67: Ventanillas | F67: Otras | G67: Número | H67: Número de
B68: Oficinas | C68: de | D68: de | E68: de | F68: Oficinas | G68: Total de | H68: Funcionarios
A69: Departamentos | B69: Principales | C69: Sucursales 1/ | D69: Agencias | E69: Servicio | F69: 2/ | G69: Oficinas | H69: y Empleados
A71: Francisco Morazán | B71: 0 | C71: =+#REF! -> #REF! | D71: =+#REF! -> #REF! | E71: =+#REF! -> #REF! | F71: =+#REF! -> #REF! | G71: =+B71+C71+D71+E71+F71 -> #REF! | H71: =+#REF! -> #REF!
A72: Cortés | C72: =+#REF! -> #REF! | D72: =+#REF! -> #REF! | E72: =+#REF! -> #REF! | F72: =+#REF! -> #REF! | G72: =+B72+C72+D72+E72+F72 -> #REF! | H72: =+#REF! -> #REF!
A73: Atlántida | B73: 0 | C73: =+#REF! -> #REF! | D73: =+#REF! -> #REF! | E73: =+#REF! -> #REF! | F73: =+#REF! -> #REF! | G73: =+B73+C73+D73+E73+F73 -> #REF! | H73: =+#REF! -> #REF!
A74: Choluteca | B74: 0 | C74: =+#REF! -> #REF! | D74: =+#REF! -> #REF! | E74: =+#REF! -> #REF! | F74: =+#REF! -> #REF! | G74: =+B74+C74+D74+E74+F74 -> #REF! | H74: =+#REF! -> #REF!
A75: Copán | B75: 0 | C75: =+#REF! -> #REF! | D75: =+#REF! -> #REF! | E75: =+#REF! -> #REF! | F75: =+#REF! -> #REF! | G75: =+B75+C75+D75+E75+F75 -> #REF! | H75: =+#REF! -> #REF!
A76: Olancho | B76: 0 | C76: =+#REF! -> #REF! | D76: =+#REF! -> #REF! | E76: =+#REF! -> #REF! | F76: =+#REF! -> #REF! | G76: =+B76+C76+D76+E76+F76 -> #REF! | H76: =+#REF! -> #REF!
A77: El Paraíso | B77: 0 | C77: =+#REF! -> #REF! | D77: =+#REF! -> #REF! | E77: =+#REF! -> #REF! | F77: =+#REF! -> #REF! | G77: =+B77+C77+D77+E77+F77 -> #REF! | H77: =+#REF! -> #REF!
A78: Santa Bárbara | B78: 0 | C78: =+#REF! -> #REF! | D78: =+#REF! -> #REF! | E78: =+#REF! -> #REF! | F78: =+#REF! -> #REF! | G78: =+B78+C78+D78+E78+F78 -> #REF! | H78: =+#REF! -> #REF!
A79: Comayagüa | B79: 0 | C79: =+#REF! -> #REF! | D79: =+#REF! -> #REF! | E79: =+#REF! -> #REF! | F79: =+#REF! -> #REF! | G79: =+B79+C79+D79+E79+F79 -> #REF! | H79: =+#REF! -> #REF!
A80: Islas de la Bahía | B80: 0 | C80: =+#REF! -> #REF! | D80: =+#REF! -> #REF! | E80: =+#REF! -> #REF! | F80: =+#REF! -> #REF! | G80: =+B80+C80+D80+E80+F80 -> #REF! | H80: =+#REF! -> #REF!
A81: Ocotepeque | B81: 0 | C81: =+#REF! -> #REF! | D81: =+#REF! -> #REF! | E81: =+#REF! -> #REF! | F81: =+#REF! -> #REF! | G81: =+B81+C81+D81+E81+F81 -> #REF! | H81: =+#REF! -> #REF!
A82: Lempira | B82: 0 | C82: =+#REF! -> #REF! | D82: =+#REF! -> #REF! | E82: =+#REF! -> #REF! | F82: =+#REF! -> #REF! | G82: =+B82+C82+D82+E82+F82 -> #REF! | H82: =+#REF! -> #REF!
A83: Yoro | B83: 0 | C83: =+#REF! -> #REF! | D83: =+#REF! -> #REF! | E83: =+#REF! -> #REF! | F83: =+#REF! -> #REF! | G83: =+B83+C83+D83+E83+F83 -> #REF! | H83: =+#REF! -> #REF!
A84: Valle | B84: 0 | C84: =+#REF! -> #REF! | D84: =+#REF! -> #REF! | E84: =+#REF! -> #REF! | F84: =+#REF! -> #REF! | G84: =+B84+C84+D84+E84+F84 -> #REF! | H84: =+#REF! -> #REF!
... A88: Intibuca | B88: 0 | C88: =+#REF! -> #REF! | D88: =+#REF! -> #REF! | E88: =+#REF! -> #REF! | F88: =+#REF! -> #REF! | G88: =+B88+C88+D88+E88+F88 -> #REF! | H88: =+#REF! -> #REF!
A90: TOTALES | B90: =SUM(B71:B88) -> 0 | C90: =SUM(C71:C88) -> #REF! | D90: =SUM(D71:D88) -> #REF! | E90: =SUM(E71:E88) -> #REF! | F90: =SUM(F71:F88) -> #REF! | G90: =SUM(B90:F90) -> #REF! | H90: =SUM(H71:H88) -> #REF!
A91: 1/ Considerar como "Sucursal" a la oficina que lleve, por separado de la oficina principal, los registros contables y/o centralice las operaciones de una determinada región del país.
A92: 2/ En "Otras Oficinas" puede incluir, según corresponda a su Institución: Autobancos, cajeros automáticos, corredurias, puestos de bolsa, bodegas habilitadas y otras oficinas de atención al
A93: público.
A94: INSTITUCIONES DE SEGUROS
A95: NUMERO DE OFICINAS POR DEPARTAMENTO
A96: =+A3 -> Al 30 de Junio de 2020
B98: Número de | C98: Número | D98: Número | E98: Ventanillas | F98: Otras | G98: Número | H98: Número de
B99: Oficinas | C99: de | D99: de | E99: de | F99: Oficinas | G99: Total de | H99: Funcionarios
A100: Departamentos | B100: Principales | C100: Sucursales 1/ | D100: Agencias | E100: Servicio | F100: 2/ | G100: Oficinas | H100: y Empleados
A102: Francisco Morazán | B102: 9 | C102: =+#REF! -> #REF! | D102: =+#REF! -> #REF! | E102: =+#REF! -> #REF! | F102: =+#REF! -> #REF! | G102: =+B102+C102+D102+E102+F102 -> #REF! | H102: =+#REF! -> #REF!
A103: Cortés | B103: 2 | C103: =+#REF! -> #REF! | D103: =+#REF! -> #REF! | E103: =+#REF! -> #REF! | F103: =+#REF! -> #REF! | G103: =+B103+C103+D103+E103+F103 -> #REF! | H103: =+#REF! -> #REF!
A104: Atlántida | B104: 0 | C104: =+#REF! -> #REF! | D104: =+#REF! -> #REF! | E104: =+#REF! -> #REF! | F104: =+#REF! -> #REF! | G104: =+B104+C104+D104+E104+F104 -> #REF! | H104: =+#REF! -> #REF!
A105: Choluteca | B105: 0 | C105: =+#REF! -> #REF! | D105: =+#REF! -> #REF! | E105: =+#REF! -> #REF! | F105: =+#REF! -> #REF! | G105: =+B105+C105+D105+E105+F105 -> #REF! | H105: =+#REF! -> #REF!
A106: Copán | B106: 0 | C106: =+#REF! -> #REF! | D106: =+#REF! -> #REF! | E106: =+#REF! -> #REF! | F106: =+#REF! -> #REF! | G106: =+B106+C106+D106+E106+F106 -> #REF! | H106: =+#REF! -> #REF!
A107: Olancho | B107: 0 | C107: =+#REF! -> #REF! | D107: =+#REF! -> #REF! | E107: =+#REF! -> #REF! | F107: =+#REF! -> #REF! | G107: =+B107+C107+D107+E107+F107 -> #REF! | H107: =+#REF! -> #REF!
A108: El Paraíso | B108: 0 | C108: =+#REF! -> #REF! | D108: =+#REF! -> #REF! | E108: =+#REF! -> #REF! | F108: =+#REF! -> #REF! | G108: =+B108+C108+D108+E108+F108 -> #REF! | H108: =+#REF! -> #REF!
A109: Santa Bárbara | B109: 0 | C109: =+#REF! -> #REF! | D109: =+#REF! -> #REF! | E109: =+#REF! -> #REF! | F109: =+#REF! -> #REF! | G109: =+B109+C109+D109+E109+F109 -> #REF! | H109: =+#REF! -> #REF!
A110: Comayagüa | B110: 0 | C110: =+#REF! -> #REF! | D110: =+#REF! -> #REF! | E110: =+#REF! -> #REF! | F110: =+#REF! -> #REF! | G110: =+B110+C110+D110+E110+F110 -> #REF! | H110: =+#REF! -> #REF!
A111: Islas de la Bahía | B111: 0 | C111: =+#REF! -> #REF! | D111: =+#REF! -> #REF! | E111: =+#REF! -> #REF! | F111: =+#REF! -> #REF! | G111: =+B111+C111+D111+E111+F111 -> #REF! | H111: =+#REF! -> #REF!
A112: Ocotepeque | B112: 0 | C112: =+#REF! -> #REF! | D112: =+#REF! -> #REF! | E112: =+#REF! -> #REF! | F112: =+#REF! -> #REF! | G112: =+B112+C112+D112+E112+F112 -> #REF! | H112: =+#REF! -> #REF!
A113: Lempira | B113: 0 | C113: =+#REF! -> #REF! | D113: =+#REF! -> #REF! | E113: =+#REF! -> #REF! | F113: =+#REF! -> #REF! | G113: =+B113+C113+D113+E113+F113 -> #REF! | H113: =+#REF! -> #REF!
... A119: Intibuca | B119: 0 | C119: =+#REF! -> #REF! | D119: =+#REF! -> #REF! | E119: =+#REF! -> #REF! | F119: =+#REF! -> #REF! | G119: =+B119+C119+D119+E119+F119 -> #REF! | H119: =+#REF! -> #REF!
A121: TOTALES | B121: =SUM(B102:B119) -> 11 | C121: =SUM(C102:C119) -> #REF! | D121: =SUM(D102:D119) -> #REF! | E121: =SUM(E102:E119) -> #REF! | F121: =SUM(F102:F119) -> #REF! | G121: =SUM(B121:F121) -> #REF! | H121: =SUM(H102:H119) -> #REF!
A122: 1/ Considerar como "Sucursal" a la oficina que lleve, por separado de la oficina principal, los registros contables y/o centralice las operaciones de una determinada región del país.
A123: 2/ En "Otras Oficinas" puede incluir, según corresponda a su Institución: Autobancos, cajeros automáticos, corredurias, puestos de bolsa, bodegas habilitadas y otras oficinas de atención al
A124: público.
A125: SISTEMA DE SOCIEDADES FINANCIERAS
A126: NUMERO DE OFICINAS POR DEPARTAMENTO
A127: =+A3 -> Al 30 de Junio de 2020
B129: Número de | C129: Número | D129: Número | E129: Ventanillas | F129: Otras | G129: Número | H129: Número de
B130: Oficinas | C130: de | D130: de | E130: de | F130: Oficinas | G130: Total de | H130: Funcionarios
A131: Departamentos | B131: Principales | C131: Sucursales 1/ | D131: Agencias | E131: Servicio | F131: 2/ | G131: Oficinas | H131: y Empleados
...

Sheet OFICINAS POR DEPTO.
A1: NUMERO DE OFICINAS POR DEPARTAMENTO
A2: SISTEMA DE BANCOS COMERCIALES 1/
A4: DEPARTAMENTOS | B4: 2003 | C4: 2004 | D4: 2005 | E4: 2006 | F4: 2007 | G4: 2009
A5: Atlántida | B5: 56 | C5: 56 | D5: 64 | E5: 81 | F5: 105 | G5: =+INDIVIDUAL!G11 -> #REF!
A6: Colón | B6: 21 | C6: 21 | D6: 22 | E6: 25 | F6: 32 | G6: =+INDIVIDUAL!G23 -> #REF!
A7: Comayagua | B7: 37 | C7: 38 | D7: 44 | E7: 48 | F7: 60 | G7: =+INDIVIDUAL!G17 -> #REF!
A8: Copán | B8: 25 | C8: 25 | D8: 28 | E8: 32 | F8: 46 | G8: =+INDIVIDUAL!G13 -> #REF!
A9: Cortés | B9: 257 | C9: 262 | D9: 308 | E9: 376 | F9: 475 | G9: =+INDIVIDUAL!G10 -> #REF!
A10: Choluteca | B10: 23 | C10: 23 | D10: 30 | E10: 31 | F10: 44 | G10: =+INDIVIDUAL!G12 -> #REF!
A11: El Paraíso | B11: 16 | C11: 15 | D11: 16 | E11: 18 | F11: 29 | G11: =+INDIVIDUAL!G15 -> #REF!
A12: Francisco Morazán | B12: 256 | C12: 273 | D12: 314 | E12: 406 | F12: 492 | G12: =+INDIVIDUAL!G9 -> #REF!
A13: Intibucá | B13: 5 | C13: 5 | D13: 5 | E13: 6 | F13: 9 | G13: =+INDIVIDUAL!G26 -> #REF!
A14: Islas de la Bahía | B14: 10 | C14: 11 | D14: 14 | E14: 17 | F14: 23 | G14: =+INDIVIDUAL!G18 -> #REF!
A15: La Paz | B15: 6 | C15: 6 | D15: 6 | E15: 6 | F15: 8 | G15: =+INDIVIDUAL!G25 -> #REF!
A16: Lempira | B16: 4 | C16: 5 | D16: 6 | E16: 5 | F16: 6 | G16: =+INDIVIDUAL!G20 -> #REF!
A17: Ococtepeque | B17: 11 | C17: 11 | D17: 13 | E17: 11 | F17: 18 | G17: =+INDIVIDUAL!G19 -> #REF!
A18: Olancho | B18: 24 | C18: 24 | D18: 26 | E18: 28 | F18: 39 | G18: =+INDIVIDUAL!G14 -> #REF!
A19: Santa Bárbara | B19: 17 | C19: 18 | D19: 18 | E19: 19 | F19: 28 | G19: =+INDIVIDUAL!G16 -> #REF!
A20: Valle | B20: 12 | C20: 12 | D20: 14 | E20: 13 | F20: 21 | G20: =+INDIVIDUAL!G22 -> #REF!
A21: Yoro | B21: 34 | C21: 37 | D21: 41 | E21: 46 | F21: 68 | G21: =+INDIVIDUAL!G21 -> #REF!
A22: Gracias a Dios | B22: 1 | C22: 1 | D22: 1 | E22: 1 | F22: 2 | G22: =+INDIVIDUAL!G24 -> #REF!
A24: TOTAL | B24: =SUM(B5:B22) -> 815 | C24: =SUM(C5:C22) -> 843 | D24: =SUM(D5:D22) -> 970 | E24: =SUM(E5:E22) -> 1169 | F24: =SUM(F5:F22) -> 1505 | G24: =SUM(G5:G22) -> #REF!
A25: 1/ Cifras al 31 de diciembre de cada año exceptuando la ultima columna, la cual pertenece al trimestre del cual se informa.
A28: NUMERO DE EMPLEADOS POR DEPARTAMENTO
A29: SISTEMA DE BANCOS COMERCIALES 1/
A30: DEPARTAMENTOS | B30: 2003 | C30: 2004 | D30: 2005 | E30: 2006 | F30: 2007 | G30: 2009
A31: Atlántida | B31: 673 | C31: 690 | D31: 739 | E31: 782 | F31: 852 | G31: =+INDIVIDUAL!H11 -> #REF!
A32: Colón | B32: 189 | C32: 197 | D32: 213 | E32: 222 | F32: 238 | G32: =+INDIVIDUAL!H23 -> #REF!
A33: Comayagua | B33: 335 | C33: 351 | D33: 386 | E33: 444 | F33: 487 | G33: =+INDIVIDUAL!H17 -> #REF!
A34: Copán | B34: 446 | C34: 452 | D34: 503 | E34: 563 | F34: 619 | G34: =+INDIVIDUAL!H13 -> #REF!
A35: Cortés | B35: 3377 | C35: 3678 | D35: 3910 | E35: 4306 | F35: 4714 | G35: =+INDIVIDUAL!H10 -> #REF!
A36: Choluteca | B36: 262 | C36: 276 | D36: 294 | E36: 312 | F36: 351 | G36: =+INDIVIDUAL!H12 -> #REF!
A37: El Paraíso | B37: 150 | C37: 153 | D37: 159 | E37: 170 | F37: 186 | G37: =+INDIVIDUAL!H15 -> #REF!
A38: Francisco Morazán | B38: 4160 | C38: 4514 | D38: 4972 | E38: 5647 | F38: 6185 | G38: =+INDIVIDUAL!H9 -> #REF!
A39: Intibucá | B39: 92 | C39: 94 | D39: 98 | E39: 104 | F39: 110 | G39: =+INDIVIDUAL!H26 -> #REF!
A40: Islas de la Bahía | B40: 46 | C40: 51 | D40: 53 | E40: 58 | F40: 70 | G40: =+INDIVIDUAL!H18 -> #REF!
A41: La Paz | B41: 80 | C41: 85 | D41: 88 | E41: 96 | F41: 103 | G41: =+INDIVIDUAL!H25 -> #REF!
A42: Lempira | B42: 47 | C42: 51 | D42: 53 | E42: 60 | F42: 62 | G42: =+INDIVIDUAL!H20 -> #REF!
A43: Ococtepeque | B43: 114 | C43: 119 | D43: 129 | E43: 133 | F43: 150 | G43: =+INDIVIDUAL!H19 -> #REF!
A44: Olancho | B44: 228 | C44: 254 | D44: 283 | E44: 303 | F44: 340 | G44: =+INDIVIDUAL!H14 -> #REF!
A45: Santa Bárbara | B45: 148 | C45: 147 | D45: 145 | E45: 166 | F45: 183 | G45: =+INDIVIDUAL!H16 -> #REF!
A46: Valle | B46: 106 | C46: 110 | D46: 128 | E46: 129 | F46: 172 | G46: =+INDIVIDUAL!H22 -> #REF!
A47: Yoro | B47: 292 | C47: 329 | D47: 352 | E47: 407 | F47: 473 | G47: =+INDIVIDUAL!H21 -> #REF!
A48: Gracias a Dios | B48: 5 | C48: 5 | D48: 5 | E48: 5 | F48: 5 | G48: =+INDIVIDUAL!H24 -> #REF!
A50: TOTAL | B50: =SUM(B31:B48) -> 10750 | C50: =SUM(C31:C48) -> 11556 | D50: =SUM(D31:D48) -> 12510 | E50: =SUM(E31:E48) -> 13907 | F50: =SUM(F31:F48) -> 15300 | G50: =SUM(G31:G48) -> #REF!
A51: 1/ Cifras al 31 de diciembre de cada año exceptuando la ultima columna, la cual pertenece al trimestre del cual se informa.

Sheet Seg. Piso
A1: Banca de Segundo Piso
A2: Numero de Sucursales
A3: Departamentos | B3: RAP | D3: BANHPROVI | F3: Total
B4: Oficinas | C4: Empleados | D4: Oficinas | E4: Empleados | F4: Oficinas | G4: Empleados
A5: Atlántida | F5: =SUM(B5+D5) -> 0 | G5: =SUM(C5+E5) -> 0
A6: Colón | F6: =SUM(B6+D6) -> 0 | G6: =SUM(C6+E6) -> 0
A7: Comayagüa | F7: =SUM(B7+D7) -> 0 | G7: =SUM(C7+E7) -> 0
A8: Copán | F8: =SUM(B8+D8) -> 0 | G8: =SUM(C8+E8) -> 0
A9: Cortés | F9: =SUM(B9+D9) -> 0 | G9: =SUM(C9+E9) -> 0
A10: Choluteca | F10: =SUM(B10+D10) -> 0 | G10: =SUM(C10+E10) -> 0
A11: El Paraíso | F11: =SUM(B11+D11) -> 0 | G11: =SUM(C11+E11) -> 0
A12: Francisco Morazán | F12: =SUM(B12+D12) -> 0 | G12: =SUM(C12+E12) -> 0
A13: Gracias a Dios | F13: =SUM(B13+D13) -> 0 | G13: =SUM(C13+E13) -> 0
A14: Intibuca | F14: =SUM(B14+D14) -> 0 | G14: =SUM(C14+E14) -> 0
A15: Islas de la Bahía | F15: =SUM(B15+D15) -> 0 | G15: =SUM(C15+E15) -> 0
A16: La Paz | F16: =SUM(B16+D16) -> 0 | G16: =SUM(C16+E16) -> 0
... A22: Yoro | F22: =SUM(B22+D22) -> 0 | G22: =SUM(C22+E22) -> 0
A23: TOTALES | B23: =SUM(B5:B22) -> 0 | C23: =SUM(C5:C22) -> 0 | D23: =SUM(D5:D22) -> 0 | E23: =SUM(E5:E22) -> 0 | F23: =SUM(F5:F22) -> 0 | G23: =SUM(G5:G22) -> 0
A25: Numero de Agencias
A26: Departamentos | B26: RAP | D26: BANPROVI | F26: Total
B27: Oficinas | C27: Empleados | D27: Oficinas | E27: Empleados | F27: Oficinas | G27: Empleados
A28: Atlántida | F28: =SUM(B28+D28) -> 0 | G28: =SUM(C28+E28) -> 0
A29: Colón | F29: =SUM(B29+D29) -> 0 | G29: =SUM(C29+E29) -> 0
A30: Comayagüa | F30: =SUM(B30+D30) -> 0 | G30: =SUM(C30+E30) -> 0
A31: Copán | F31: =SUM(B31+D31) -> 0 | G31: =SUM(C31+E31) -> 0
A32: Cortés | F32: =SUM(B32+D32) -> 0 | G32: =SUM(C32+E32) -> 0
A33: Choluteca | F33: =SUM(B33+D33) -> 0 | G33: =SUM(C33+E33) -> 0
A34: El Paraíso | F34: =SUM(B34+D34) -> 0 | G34: =SUM(C34+E34) -> 0
A35: Francisco Morazán | F35: =SUM(B35+D35) -> 0 | G35: =SUM(C35+E35) -> 0
A36: Gracias a Dios | F36: =SUM(B36+D36) -> 0 | G36: =SUM(C36+E36) -> 0
A37: Intibuca | F37: =SUM(B37+D37) -> 0 | G37: =SUM(C37+E37) -> 0
A38: Islas de la Bahía | F38: =SUM(B38+D38) -> 0 | G38: =SUM(C38+E38) -> 0
A39: La Paz | F39: =SUM(B39+D39) -> 0 | G39: =SUM(C39+E39) -> 0
... A45: Yoro | F45: =SUM(B45+D45) -> 0 | G45: =SUM(C45+E45) -> 0
A46: TOTALES | B46: =SUM(B28:B45) -> 0 | C46: =SUM(C28:C45) -> 0 | D46: =SUM(D28:D45) -> 0 | E46: =SUM(E28:E45) -> 0 | F46: =SUM(F28:F45) -> 0 | G46: =SUM(G28:G45) -> 0
A48: Numero de Ventanillas de Servicio
A49: Departamentos | B49: RAP | D49: BANPROVI | F49: Total
B50: Oficinas | C50: Empleados | D50: Oficinas | E50: Empleados | F50: Oficinas | G50: Empleados
A51: Atlántida | F51: =SUM(B51+D51) -> 0 | G51: =SUM(C51+E51) -> 0
A52: Colón | F52: =SUM(B52+D52) -> 0 | G52: =SUM(C52+E52) -> 0
A53: Comayagüa | F53: =SUM(B53+D53) -> 0 | G53: =SUM(C53+E53) -> 0
A54: Copán | F54: =SUM(B54+D54) -> 0 | G54: =SUM(C54+E54) -> 0
A55: Cortés | F55: =SUM(B55+D55) -> 0 | G55: =SUM(C55+E55) -> 0
A56: Choluteca | F56: =SUM(B56+D56) -> 0 | G56: =SUM(C56+E56) -> 0
A57: El Paraíso | F57: =SUM(B57+D57) -> 0 | G57: =SUM(C57+E57) -> 0
A58: Francisco Morazán | F58: =SUM(B58+D58) -> 0 | G58: =SUM(C58+E58) -> 0
A59: Gracias a Dios | F59: =SUM(B59+D59) -> 0 | G59: =SUM(C59+E59) -> 0
A60: Intibuca | F60: =SUM(B60+D60) -> 0 | G60: =SUM(C60+E60) -> 0
A61: Islas de la Bahía | F61: =SUM(B61+D61) -> 0 | G61: =SUM(C61+E61) -> 0
A62: La Paz | F62: =SUM(B62+D62) -> 0 | G62: =SUM(C62+E62) -> 0
... A68: Yoro | F68: =SUM(B68+D68) -> 0 | G68: =SUM(C68+E68) -> 0
A69: TOTALES | B69: =SUM(B51:B68) -> 0 | C69: =SUM(C51:C68) -> 0 | D69: =SUM(D51:D68) -> 0 | E69: =SUM(E51:E68) -> 0 | F69: =SUM(F51:F68) -> 0 | G69: =SUM(G51:G68) -> 0
A71: Numero de Otras Oficinas
A72: Departamentos | B72: RAP | D72: BANPROVI | F72: Total
B73: Oficinas | C73: Empleados | D73: Oficinas | E73: Empleados | F73: Oficinas | G73: Empleados
A74: Atlántida | F74: =SUM(B74+D74) -> 0 | G74: =SUM(C74+E74) -> 0
A75: Colón | F75: =SUM(B75+D75) -> 0 | G75: =SUM(C75+E75) -> 0
A76: Comayagüa | F76: =SUM(B76+D76) -> 0 | G76: =SUM(C76+E76) -> 0
A77: Copán | F77: =SUM(B77+D77) -> 0 | G77: =SUM(C77+E77) -> 0
A78: Cortés | F78: =SUM(B78+D78) -> 0 | G78: =SUM(C78+E78) -> 0
A79: Choluteca | F79: =SUM(B79+D79) -> 0 | G79: =SUM(C79+E79) -> 0
A80: El Paraíso | F80: =SUM(B80+D80) -> 0 | G80: =SUM(C80+E80) -> 0
A81: Francisco Morazán | F81: =SUM(B81+D81) -> 0 | G81: =SUM(C81+E81) -> 0
A82: Gracias a Dios | F82: =SUM(B82+D82) -> 0 | G82: =SUM(C82+E82) -> 0
A83: Intibuca | F83: =SUM(B83+D83) -> 0 | G83: =SUM(C83+E83) -> 0
A84: Islas de la Bahía | F84: =SUM(B84+D84) -> 0 | G84: =SUM(C84+E84) -> 0
A85: La Paz | F85: =SUM(B85+D85) -> 0 | G85: =SUM(C85+E85) -> 0
... A91: Yoro | F91: =SUM(B91+D91) -> 0 | G91: =SUM(C91+E91) -> 0
A92: TOTALES | B92: =SUM(B74:B91) -> 0 | C92: =SUM(C74:C91) -> 0 | D92: =SUM(D74:D91) -> 0 | E92: =SUM(E74:E91) -> 0 | F92: =SUM(F74:F91) -> 0 | G92: =SUM(G74:G91) -> 0
A93: TOTAL OFICINAS Y EMPLEADOS | B93: =SUM(B23+B46+B69+B92) -> 0 | C93: =SUM(C23+C46+C69+C92) -> 0 | D93: =SUM(D23+D46+D69+D92) -> 0 | E93: =SUM(E23+E46+E69+E92) -> 0 | F93: =SUM(F23+F46+F69+F92) -> 0 | G93: =SUM(G23+G46+G69+G92) -> 0

Sheet 1999
A3: NUMERO DE INSTITUCIONES Y OFICINAS DEL SISTEMA FINANCIERO NACIONAL
A4: Datos al 31 de diciembre de 1999
C8: NOMBRE | D8: FECHA | E8: OFICINA | H8: VENTANI- | I8: OTRAS | J8: No. TOTAL | K8: No. TOTAL
C9: DE | D9: INICIO DE | E9: PRINCIPAL | F9: SUCURSA- | H9: LLAS DE | I9: OFICINAS | J9: DE | K9: DE FUNC. Y
A10: No. | B10: INSTITUCION | C10: REFERENCIA | D10: OPERAC. | E10: (Ciudad) | F10: LES | G10: AGENCIAS | H10: SERVICIO | I10: 1/ | J10: OFICINAS | K10: EMPLEADOS
B12: BANCOS COMERCIALES
A14: 1 | B14: Banco de Honduras, S.A. | C14: Honduras | D14: 2-oct-1889 | E14: Tegucigalpa | F14: 1 | G14: 1 | H14: 0 | I14: 0 | J14: =SUM(F14:I14)+1 -> 3 | K14: 61
A15: 2 | B15: Banco Atlántida, S.A. | C15: Bancatlán | D15: 41990 | E15: Tegucigalpa | F15: 17 | G15: 93 | H15: 9 | I15: 45 | J15: =SUM(F15:I15)+1 -> 165 | K15: 1299
A16: 3 | B16: Banco de El Ahorro Hondureño, S.A. | C16: Bancahorro | D16: 42772 | E16: Tegucigalpa | F16: 1 | G16: 38 | H16: 8 | I16: 9 | J16: =SUM(F16:I16)+1 -> 57 | K16: 807
A17: 4 | B17: Banco La Capitalizadora Hondureña, S.A. | C17: Bancahsa | D17: 17685 | E17: Tegucigalpa | F17: 3 | G17: 54 | H17: 12 | I17: 28 | J17: =SUM(F17:I17)+1 -> 98 | K17: 1262
A18: 5 | B18: Banco de Occidente, S.A. | C18: Bancocci | D18: 18872 | E18: Sta. Rosa de C. | F18: 9 | G18: 21 | H18: 67 | I18: 12 | J18: =SUM(F18:I18)+1 -> 110 | K18: 1906
A19: 6 | B19: Banco del Comercio, S.A. | C19: Bancomer | D19: 19207 | E19: San Pedro Sula | F19: 2 | G19: 22 | H19: 7 | I19: 0 | J19: =SUM(F19:I19)+1 -> 32 | K19: 360
A20: 7 | B20: Lloyds Bank PLC | C20: Lloyds | D20: 21836 | E20: Tegucigalpa | F20: 0 | G20: 5 | H20: 0 | I20: 0 | J20: =SUM(F20:I20)+1 -> 6 | K20: 87
A21: 8 | B21: Banco de Los Trabajadores | C21: Bancotrab | D21: 24594 | E21: Tegucigalpa | F21: 5 | G21: 9 | H21: 34 | I21: 3 | J21: =SUM(F21:I21)+1 -> 52 | K21: 258
A22: 9 | B22: Banco Sogerin, S.A. | C22: Sogerin | D22: 25508 | E22: San Pedro Sula | F22: 2 | G22: 41 | H22: 92 | I22: 1 | J22: =SUM(F22:I22)+1 -> 137 | K22: 692
A23: 10 | B23: Banco Continental, S.A. | C23: Bancon | D23: 27151 | E23: San Pedro Sula | F23: 1 | G23: 30 | H23: 7 | I23: 0 | J23: =SUM(F23:I23)+1 -> 39 | K23: 470
A24: 11 | B24: Banco Financiera Centroamericana, S.A. | C24: Ficensa | D24: 27264 | E24: Tegucigalpa | F24: 8 | G24: 15 | H24: 4 | I24: 0 | J24: =SUM(F24:I24)+1 -> 28 | K24: 299
A25: 12 | B25: Banco de Las Fuerzas Armadas, S.A. | C25: Banffaa | D25: 29075 | E25: Tegucigalpa | F25: 3 | G25: 35 | H25: 10 | I25: 0 | J25: =SUM(F25:I25)+1 -> 49 | K25: 461
A26: 13 | B26: Banco Mercantil, S.A. | C26: Bamer | D26: 29265 | E26: Tegucigalpa | F26: 2 | G26: 36 | H26: 9 | I26: 2 | J26: =SUM(F26:I26)+1 -> 50 | K26: 839
... A35: 22 | B35: Banco Credomatic, S.A. | C35: Credomatic | D35: 35817 | E35: Tegucigalpa | F35: 1 | G35: 5 | H35: 0 | I35: 0 | J35: =SUM(F35:I35)+1 -> 7 | K35: 118
B36: Totales | E36: =+A35 -> 22 | F36: =SUM(F14:F35) -> 74 | G36: =SUM(G14:G35) -> 561 | H36: =SUM(H14:H35) -> 327 | I36: =SUM(I14:I35) -> 129 | J36: =+I36+H36+G36+F36+E36 -> 1113 | K36: =SUM(K14:K35) -> 12597
B38: BANCOS ESTATALES
A40: 1 | B40: Banco Central de Honduras | C40: B.C.H. | D40: 18445 | E40: Tegucigalpa | F40: 4 | G40: 0 | H40: 0 | I40: 0 | J40: =SUM(F40:I40)+1 -> 5 | K40: 789
A41: 2 | B41: Banco Nacional de Desarrollo Agrícola | C41: Banadesa | D41: 18445 | E41: Tegucigalpa | F41: 0 | G41: 26 | H41: 10 | I41: 0 | J41: =SUM(F41:I41)+1 -> 37 | K41: 431
A42: 3 | B42: Banco Municipal Autónomo | C42: Banma | D42: 22801 | E42: Tegucigalpa | F42: 0 | G42: 0 | H42: 0 | I42: 0 | J42: =SUM(F42:I42)+1 -> 1 | K42: 26
B43: Totales | E43: =+A42 -> 3 | F43: =SUM(F40:F42) -> 4 | G43: =SUM(G40:G42) -> 26 | H43: =SUM(H40:H42) -> 10 | I43: =SUM(I40:I42) -> 0 | J43: =SUM(J40:J42) -> 43 | K43: =SUM(K40:K42) -> 1246
B45: ASOC. DE AHORRO Y PRESTAMO
A47: 1 | B47: La Vivienda, S.A | C47: Vivienda | D47: 25822 | E47: Tegucigalpa | F47: 2 | G47: 21 | H47: 92 | I47: 21 | J47: =SUM(F47:I47)+1 -> 137 | K47: 414
A48: 2 | B48: Casa Propia, S.A. | C48: Casa Propia | D48: 26210 | E48: Tegucigalpa | F48: 2 | G48: 3 | H48: 0 | I48: 0 | J48: =SUM(F48:I48)+1 -> 6 | K48: 85
A49: 3 | B49: La Constancia, S.A. | C49: Constancia | D49: 28443 | E49: San Pedro Sula | F49: 3 | G49: 14 | H49: 0 | I49: 0 | J49: =SUM(F49:I49)+1 -> 18 | K49: 409
A50: 4 | B50: Metropolitana, S.A. | C50: Metropolitana | D50: 28814 | E50: San Pedro Sula | F50: 2 | G50: 0 | H50: 3 | I50: 0 | J50: =SUM(F50:I50)+1 -> 6 | K50: 33
B51: Totales | E51: =+A50 -> 4 | F51: =SUM(F47:F50) -> 9 | G51: =SUM(G47:G50) -> 38 | H51: =SUM(H47:H50) -> 95 | I51: =SUM(I47:I50) -> 21 | J51: =SUM(J47:J50) -> 167 | K51: =SUM(K47:K50) -> 941
B53: BANCA DE SEGUNDO PISO
A55: 1 | B55: Régimen de Aportaciones Privadas | C55: R.A.P. | D55: 33682 | E55: Tegucigalpa | F55: 0 | G55: 1 | H55: 0 | I55: 0 | J55: =SUM(F55:I55)+1 -> 2 | K55: 62
A56: 2 | B56: Fondo Nacional para la Producción y la Vivienda | C56: Fonaprovi | D56: 35717 | E56: Tegucigalpa | F56: 0 | G56: 0 | H56: 0 | I56: 0 | J56: =SUM(F56:I56)+1 -> 1 | K56: 70
B57: Totales | E57: =+A56 -> 2 | F57: =SUM(F55:F56) -> 0 | G57: =SUM(G55:G56) -> 1 | H57: =SUM(H55:H56) -> 0 | I57: =SUM(I55:I56) -> 0 | J57: =SUM(J55:J56) -> 3 | K57: =SUM(K55:K56) -> 132
B59: COMPAÑIAS DE SEGUROS
A61: 1 | B61: El Ahorro Hondureño, S.A. | C61: Ahorro | D61: 42752 | E61: Tegucigalpa | F61: 0 | G61: 12 | H61: 0 | I61: 0 | J61: =SUM(F61:I61)+1 -> 13 | K61: 316
A62: 2 | B62: Pan American Life Insurance Company | C62: Palic | D62: 16225 | E62: Tegucigalpa | F62: 1 | G62: 0 | H62: 0 | I62: 0 | J62: =SUM(F62:I62)+1 -> 2 | K62: 303
A63: 3 | B63: Aseguradora Hondureña, S.A. | C63: Aseguradora | D63: 19917 | E63: Tegucigalpa | F63: 3 | G63: 4 | H63: 0 | I63: 0 | J63: =SUM(F63:I63)+1 -> 8 | K63: 273
A64: 4 | B64: Interamericana de Seguros, S.A. | C64: Interamericana | D64: 21001 | E64: Tegucigalpa | F64: 3 | G64: 0 | H64: 0 | I64: 0 | J64: =SUM(F64:I64)+1 -> 4 | K64: 160
A65: 5 | B65: American Home Assurance Company | C65: American | D65: 23666 | E65: Tegucigalpa | F65: 1 | G65: 0 | H65: 0 | I65: 0 | J65: =SUM(F65:I65)+1 -> 2 | K65: 4
A66: 6 | B66: Seguros Continental, S.A. | C66: Continental | D66: 24973 | E66: San Pedro Sula | F66: 1 | G66: 0 | H66: 0 | I66: 1 | J66: =SUM(F66:I66)+1 -> 3 | K66: 53
A67: 7 | B67: Previsión y Seguros, S.A. | C67: Previsa | D67: 30204 | E67: Tegucigalpa | F67: 3 | G67: 0 | H67: 0 | I67: 0 | J67: =SUM(F67:I67)+1 -> 4 | K67: 100
A68: 8 | B68: Seguros Atlántida, S.A. | C68: Atlántida | D68: 31413 | E68: Tegucigalpa | F68: 2 | G68: 3 | H68: 5 | I68: 0 | J68: =SUM(F68:I68)+1 -> 11 | K68: 180
A69: 9 | B69: Seguros Crefisa, S.A. | C69: Crefisa | D69: 34213 | E69: Tegucigalpa | F69: 3 | G69: 0 | H69: 0 | I69: 0 | J69: =SUM(F69:I69)+1 -> 4 | K69: 138
A70: 10 | B70: Seguros Capital, S.A. | C70: Capital | D70: 34627 | E70: Tegucigalpa | F70: 4 | G70: 0 | H70: 0 | I70: 0 | J70: =SUM(F70:I70)+1 -> 5 | K70: 118
A71: 11 | B71: Intercentroamericana de Seguros, S.A. | C71: Intercasa | D71: 34884 | E71: Tegucigalpa | F71: 3 | G71: 0 | H71: 0 | I71: 0 | J71: =SUM(F71:I71)+1 -> 4 | K71: 111
B72: Totales | E72: =+A71 -> 11 | F72: =SUM(F61:F71) -> 24 | G72: =SUM(G61:G71) -> 19 | H72: =SUM(H61:H71) -> 5 | I72: =SUM(I61:I71) -> 1 | J72: =SUM(J61:J71) -> 60 | K72: =SUM(K61:K71) -> 1756
A77: NUMERO DE INSTITUCIONES Y OFICINAS DEL SISTEMA FINANCIERO NACIONAL
A78: =+A4 -> Datos al 31 de diciembre de 1999
C81: NOMBRE | D81: FECHA | E81: OFICINA | H81: VENTANI- | I81: OTRAS | J81: No. TOTAL | K81: No. TOTAL
C82: DE | D82: INICIO DE | E82: PRINCIPAL | F82: SUCURSA- | H82: LLAS DE | I82: OFICINAS | J82: DE | K82: DE FUNC. Y
A83: No. | B83: INSTITUCION | C83: REFERENCIA | D83: OPERAC. | E83: (Ciudad) | F83: LES | G83: AGENCIAS | H83: SERVICIO | I83: 1/ | J83: OFICINAS | K83: EMPLEADOS
B85: FONDOS DE PENSIONES
A87: 1 | B87: Instituto Nacional de Previsión del Magisterio | C87: Inprema | D87: 26115 | E87: Tegucigalpa | F87: 2 | G87: 0 | H87: 0 | I87: 0 | J87: =SUM(F87:I87)+1 -> 3 | K87: 294
A88: 2 | B88: Inst. Nac. de Jubil. y Pen. de Emp. y Func. Púb. | C88: Injupemp | D88: 27880 | E88: Tegucigalpa | F88: 1 | G88: 1 | H88: 0 | I88: 0 | J88: =SUM(F88:I88)+1 -> 3 | K88: 305
B89: Totales | E89: =+A88 -> 2 | F89: =SUM(F87:F88) -> 3 | G89: =SUM(G87:G88) -> 1 | H89: =SUM(H87:H88) -> 0 | I89: =SUM(I87:I88) -> 0 | J89: =SUM(J87:J88) -> 6 | K89: =SUM(K87:K88) -> 599
B91: BOLSAS DE VALORES
A93: 1 | B93: Bolsa Hondureña de Valores, S.A. | C93: B.H.V. | D93: 33141 | E93: San Pedro Sula | F93: 1 | G93: 0 | H93: 0 | I93: 23 | J93: =SUM(F93:I93)+1 -> 25 | K93: 58
A94: 2 | B94: Bolsa Centroamericana de Valores, S.A. | C94: B.C.V. | D94: 34222 | E94: Tegucigalpa | F94: 1 | G94: 0 | H94: 0 | I94: 16 | J94: =SUM(F94:I94)+1 -> 18 | K94: 40
B95: Totales | E95: =+A94 -> 2 | F95: =SUM(F93:F94) -> 2 | G95: =SUM(G93:G94) -> 0 | H95: =SUM(H93:H94) -> 0 | I95: =SUM(I93:I94) -> 39 | J95: =SUM(J93:J94) -> 43 | K95: =SUM(K93:K94) -> 98
B97: ALMACENES GRALES. DE DEPOSITO
A99: 1 | B99: Almacenes de Depósito, S.A. | C99: Aldesa | D99: 24960 | E99: San Pedro Sula | F99: 3 | G99: 0 | H99: 0 | I99: 0 | J99: =SUM(F99:I99)+1 -> 4 | K99: 78
A100: 2 | B100: Compañía Almacenadora, S.A. | C100: Coalsa | D100: 26054 | E100: Tegucigalpa | F100: 2 | G100: 0 | H100: 0 | I100: 7 | J100: =SUM(F100:I100)+1 -> 10 | K100: 49
A101: 3 | B101: Almacenes de Depósito Continental, S.A. | C101: Aldeconsa | D101: 31408 | E101: San Pedro Sula | F101: 0 | G101: 0 | H101: 0 | I101: 1 | J101: =SUM(F101:I101)+1 -> 2 | K101: 30
A102: 4 | B102: Almacenes Generales de Depósitos de Café, S.A. | C102: Almacafé | D102: 31875 | E102: San Pedro Sula | F102: 2 | G102: 0 | H102: 0 | I102: 3 | J102: =SUM(F102:I102)+1 -> 6 | K102: 36
A103: 5 | B103: Almacenes de Depósito y Fiscales, S.A. | C103: Aldefisa | D103: 34121 | E103: Tegucigalpa | F103: 2 | G103: 0 | H103: 0 | I103: 0 | J103: =SUM(F103:I103)+1 -> 3 | K103: 22
A104: 6 | B104: Almacenadora Hondureña, S.A. | C104: Almahsa | D104: 34738 | E104: San Pedro Sula | F104: 1 | G104: 0 | H104: 0 | I104: 15 | J104: =SUM(F104:I104)+1 -> 17 | K104: 43
B105: Totales | E105: =+A104 -> 6 | F105: =SUM(F99:F104) -> 10 | G105: =SUM(G99:G104) -> 0 | H105: =SUM(H99:H104) -> 0 | I105: =SUM(I99:I104) -> 26 | J105: =SUM(J99:J104) -> 42 | K105: =SUM(K99:K104) -> 258
B107: CASAS DE CAMBIO
A109: 1 | B109: Divisas Corporativas, S.A. | C109: Dicorp | D109: 33791 | E109: Tegucigalpa | F109: 2 | G109: 0 | H109: 2 | I109: 0 | J109: =SUM(F109:I109)+1 -> 5 | K109: 16
A110: 2 | B110: Intercambio, S.A. | C110: Intercambio | D110: 33868 | E110: San Pedro Sula | F110: 0 | G110: 0 | H110: 1 | I110: 0 | J110: =SUM(F110:I110)+1 -> 2 | K110: 5
A111: 3 | B111: La Teleña, S.A. | C111: Teleña | D111: 33872 | E111: Tela | F111: 0 | G111: 1 | H111: 1 | I111: 0 | J111: =SUM(F111:I111)+1 -> 3 | K111: 3
A112: 4 | B112: Conversiones Monetarias, S.A. | C112: Convemo | D112: 33890 | E112: San Pedro Sula | F112: 1 | G112: 0 | H112: 0 | I112: 0 | J112: =SUM(F112:I112)+1 -> 2 | K112: 3
A113: 5 | B113: Roble Viejo, S.A. | C113: Roviesa | D113: 33935 | E113: Tegucigalpa | F113: 1 | G113: 0 | H113: 1 | I113: 0 | J113: =SUM(F113:I113)+1 -> 3 | K113: 6
A114: 6 | B114: Corporación de Inversiones Nacionales, S.A. | C114: Coinsa | D114: 33940 | E114: Tegucigalpa | F114: 2 | G114: 1 | H114: 1 | I114: 0 | J114: =SUM(F114:I114)+1 -> 5 | K114: 33
A115: 7 | B115: Lempira, S.A. | C115: Lempira | D115: 33954 | E115: San Pedro Sula | F115: 1 | G115: 0 | H115: 1 | I115: 0 | J115: =SUM(F115:I115)+1 -> 3 | K115: 4
A116: 8 | B116: La Confianza, S.A. | C116: Confianza | D116: 34005 | E116: Las Manos | F116: 0 | G116: 1 | H116: 0 | I116: 0 | J116: =SUM(F116:I116)+1 -> 2 | K116: 4
A117: 9 | B117: Servicios Cambiarios, S.A. | C117: Sercasa | D117: 34018 | E117: Tegucigalpa | F117: 1 | G117: 0 | H117: 1 | I117: 0 | J117: =SUM(F117:I117)+1 -> 3 | K117: 5
A118: 10 | B118: Emisiones y Valores, S.A. | C118: Emival | D118: 34080 | E118: Tegucigalpa | F118: 0 | G118: 1 | H118: 0 | I118: 0 | J118: =SUM(F118:I118)+1 -> 2 | K118: 2
A119: 11 | B119: Promérica, S.A. | C119: Promérica | D119: 34163 | E119: San Pedro Sula | F119: 1 | G119: 0 | H119: 0 | I119: 0 | J119: =SUM(F119:I119)+1 -> 2 | K119: 3
A120: 12 | B120: Del Centro, S.A. | C120: Del Centro | D120: 34372 | E120: Tegucigalpa | F120: 1 | G120: 0 | H120: 0 | I120: 0 | J120: =SUM(F120:I120)+1 -> 2 | K120: 7
A121: 13 | B121: Lafise, S.A. | C121: Lafise | D121: 34736 | E121: Tegucigalpa | F121: 1 | G121: 0 | H121: 1 | I121: 0 | J121: =SUM(F121:I121)+1 -> 3 | K121: 10
B122: Totales | E122: =+A121 -> 13 | F122: =SUM(F109:F121) -> 11 | G122: =SUM(G109:G121) -> 4 | H122: =SUM(H109:H121) -> 9 | I122: =SUM(I109:I121) -> 0 | J122: =SUM(J109:J121) -> 37 | K122: =SUM(K109:K121) -> 101
B124: SOCIEDADES FINANCIERAS
A126: 1 | B126: Financiera Codimersa, S.A. | C126: Codimersa | D126: 35684 | E126: Sta. Rosa de C. | F126: 1 | G126: 1 | H126: 0 | I126: 0 | J126: =SUM(F126:I126)+1 -> 3 | K126: 21
A127: 2 | B127: Arrendamientos y Créditos Atlántida, S.A. | C127: Acresa | D127: 35845 | E127: Tegucigalpa | F127: 2 | G127: 0 | H127: 0 | I127: 0 | J127: =SUM(F127:I127)+1 -> 3 | K127: 37
A128: 3 | B128: Administradora de Valores, S.A. | C128: Aval | D128: 36013 | E128: Tegucigalpa | F128: 2 | G128: 0 | H128: 0 | I128: 0 | J128: =SUM(F128:I128)+1 -> 3 | K128: 35
A129: 4 | B129: Servicios Financieros, S.A. | C129: Serfin | D129: 36041 | E129: San Pedro Sula | F129: 1 | G129: 0 | H129: 0 | I129: 1 | J129: =SUM(F129:I129)+1 -> 3 | K129: 8
A130: 5 | B130: Financiera Industrial y Agropecuaria, S.A. | C130: Fia | D130: 36048 | E130: Tegucigalpa | F130: 1 | G130: 4 | H130: 2 | I130: 0 | J130: =SUM(F130:I130)+1 -> 8 | K130: 48
A131: 6 | B131: Soluciones Financieras, S.A. | C131: Solfisa | D131: 36069 | E131: Tegucigalpa | F131: 2 | G131: 0 | H131: 0 | I131: 0 | J131: =SUM(F131:I131)+1 -> 3 | K131: 37
A132: 7 | B132: Fondos Múltiples (Honduras), S.A. | C132: Multifondos | D132: 36293 | E132: Tegucigalpa | F132: 2 | G132: 0 | H132: 0 | I132: 0 | J132: =SUM(F132:I132)+1 -> 3 | K132: 27
A133: 8 | B133: Financiera Solidaria, S.A. | C133: Finsol | D133: 36314 | E133: San Pedro Sula | F133: 1 | G133: 12 | H133: 0 | I133: 0 | J133: =SUM(F133:I133)+1 -> 14 | K133: 107
A134: 9 | B134: Compañía Financiera Mercantil, S.A. | C134: Finamer | D134: 36363 | E134: Tegucigalpa | F134: 1 | G134: 0 | H134: 0 | I134: 1 | J134: =SUM(F134:I134)+1 -> 3 | K134: 5
A135: 10 | B135: Financiera del Caribe, S.A. | C135: Ficasa | D135: 36377 | E135: La Ceiba | F135: 1 | G135: 0 | H135: 0 | I135: 0 | J135: =SUM(F135:I135)+1 -> 2 | K135: 8
A136: 11 | B136: Corporación Financiera Internacional, S.A. | C136: Cofinter | D136: 36384 | E136: Tegucigalpa | F136: 0 | G136: 0 | H136: 0 | I136: 0 | J136: =SUM(F136:I136)+1 -> 1 | K136: 13
A137: 12 | B137: Financiera Popular Ceibeña, S.A. | C137: FPC | D137: 36398 | E137: La Ceiba | F137: 1 | G137: 0 | H137: 2 | I137: 0 | J137: =SUM(F137:I137)+1 -> 4 | K137: 11
A138: 13 | B138: Compañía Financiera, S.A. | C138: Cofisa | D138: 36419 | E138: San Pedro Sula | F138: 1 | G138: 1 | H138: 0 | I138: 0 | J138: =SUM(F138:I138)+1 -> 3 | K138: 29
B139: Totales | E139: =+A138 -> 13 | F139: =SUM(F126:F138) -> 16 | G139: =SUM(G126:G138) -> 18 | H139: =SUM(H126:H138) -> 4 | I139: =SUM(I126:I138) -> 2 | J139: =SUM(J126:J138) -> 53 | K139: =SUM(K126:K138) -> 386
...
